Cogmind - Beta 10.1 @@@ ROGUE MODE // 2020.09.26 @ 20:50:34 Player: aoemica Result: Escaped singularity! Performance ------------- Evolutions (9) 4500 Regions Visited (40) 8000 Robots Destroyed (417) 2085 Value Destroyed (17284) 17284 Prototype IDs (225) 4500 Alien Tech Used (13) 2600 Bonus (46142) 46142 TOTAL SCORE: 85111 Bonus ------- High Alert Combat Kills 311 Follower Combat Kills 1419 Network Hubs Disabled 800 Aligned with FarCom 300 Met Data Miner 300 Met Imprinter 300 Built Enhanced Grunts 300 A7 Reached Mainframe 300 Found Hidden Lab 3000 Hacked Protovariant 500 Recovered Sigix Corpse 1000 Destroyed MAIN.C Guards 500 Met MAIN.C 5000 Destroyed MAIN.C Shell 5000 Destroyed MAIN.C 10000 Met Architect 300 Started Test 138-B 500 Destroyed A8 300 Destroyed A6 400 Destroyed A5 500 Destroyed A4 700 Destroyed A3 800 Destroyed A2 1000 Destroyed Architect 15000 Win 3000 Friendly Fire -5388 Cogmind --------- Core Integrity 1202/1600 Matter 260/300 Energy 484/520 System Corruption 3% Temperature Cool (36) Movement Flying (15) Location Near Former Tau Ceti IV Parts ------- > --- POWER (2) -------- Mini Fusion Reactor Zero-point Reactor > --- PROPULSION (6) --- Cooled Q-thruster Cooled Q-thruster Cooled Q-thruster Cooled Q-thruster Cooled Q-thruster Cooled Q-thruster > --- UTILITY (15) ----- Experimental Power Amplifier Large Storage Unit Large Storage Unit Dimensional Manipulator Experimental Terrain Scan Processor Experimental Melee Analysis Suite Experimental Target Analyzer Experimental Armor Integrity Analyzer Advanced Reaction Control System Experimental Phase Shifter Experimental Propulsion Shielding Experimental Utility Shielding Experimental Powered Armor Experimental Powered Armor AEGIS Remote Shield > --- WEAPON (2) ------- Plasma Lance Plasma Lance > --- INVENTORY (18) --- Experimental Energy Well (1000) Experimental Energy Well (1000) Experimental Matter Compressor (500) Experimental Weapon Cycler Femtoactuators Matter Drive Sigix Quantum Sheargun Potential Cannon Cooled Nova Cannon Hypervelocity Multirail Sigix Broadsword Sigix Corpse Peak State ------------ > --- POWER ------------ Mini Fusion Reactor Zero-point Reactor > --- PROPULSION ------- Cooled Q-thruster Cooled Q-thruster Cooled Q-thruster Cooled Q-thruster Cooled Q-thruster Cooled Q-thruster > --- UTILITY ---------- Experimental Power Amplifier Large Storage Unit Large Storage Unit Dimensional Manipulator Long-range Terrain Scanner Experimental Terrain Scan Processor Experimental Melee Analysis Suite Experimental Target Analyzer Experimental Armor Integrity Analyzer Experimental Weapon Cycler Advanced Reaction Control System Experimental Phase Shifter Experimental Powered Armor Experimental Powered Armor AEGIS Remote Shield > --- WEAPON ----------- Sigix Broadsword > --- INVENTORY -------- Cooled Q-thruster Experimental Energy Well Experimental Energy Well Experimental Matter Compressor Femtoactuators Experimental Propulsion Shielding Experimental Utility Shielding High-powered Transdimensional Reconstructor High-powered Transdimensional Reconstructor Integrity Redistributor Matter Drive Sigix Quantum Sheargun Potential Cannon Cooled Nova Cannon Hypervelocity Multirail Sigix Corpse [Rating: 242] Favorites ----------- Power Mini Fusion Reactor Engine Ion Engine Power Core Micro Fission Core Reactor Mini Fusion Reactor Propulsion Cooled Q-thruster Treads Light Treads Leg Aluminum Leg Wheel Compact Wheel Hover Unit Cooled Antigrav System Flight Unit Cooled Q-thruster Utility Large Storage Unit Device Experimental Sensor Array Storage Large Storage Unit Processor Experimental Signal Interpreter Hackware Advanced Hacking Suite Protection Experimental Utility Shielding Artifact Matter Drive Weapon Plasma Lance Energy Gun EM Pulse Gun Energy Cannon Beam Cannon Ballistic Gun Enhanced Autogun Ballistic Cannon Light Antimatter Cannon Launcher Grenade Launcher Special Weapon Guided Remote Datajack Impact Weapon Thunder Hammer Slashing Weapon Greatsword Piercing Weapon Plasma Lance Build | -11 -10 -10 -10 -9 -8 -8 -7 -7 -7 -7 -7 -7 -6 -6 -6 -6 -6 -6 -6 -5 -5 -5 -5 -5 -5 -5 -5 -4 -4 -4 -4 -4 -3 -3 -2 -2 -2 -1 -1 -1 ------- Run | Scr Mat Min Exi Min Mat Sto Fac Was Fac Low Low Dat Pro Fac Was Fac Low Low Zio Pro Fac Was Fac Ext Cet Arc Hub Fac Was Fac Arm Lab Res Qua Res Tes Sec Acc Com Ac0 Slots Evolved 18 | . . . . . 4 . 2 . . . . . . 2 . . . . . . 2 . . . . . . 2 . . . . 2 . 2 . . 2 . . Power 1 | . . . . . . . . . . . . . . . . . . . . . . . . . . . . . . . . . . . 1 . . . . . Propulsion 4 | . . . . . . . 1 . . . . . . . . . . . . . . . . . . . . . . . . . 1 . 1 . . 1 . . Utility 13 | . . . . . 4 . 1 . . . . . . 2 . . . . . . 2 . . . . . . 2 . . . . 1 . . . . 1 . . Weapon . | . . . . . . . . . . . . . . . . . . . . . . . . . . . . . . . . . . . . . . . . . Parts Attached 875 | 2 18 2 38 7 59 34 15 1 6 5 3 2 5 23 5 7 3 2 5 7 26 4 32 29 17 6 25 21 . 70 27 8 36 6 21 39 42 24 104 89 Power 29 | . 1 . 2 . 1 1 1 . . . . . . 1 . . . . . . 2 . 1 . 1 . . 1 . 2 1 . 2 . 1 1 4 . 4 2 Engine 2 | . 1 . 1 . . . . . . . . . . . . . . . . . . . . . . . . . . . . . . . . . . . . . Core 6 | . . . . . 1 . 1 . . . . . . 1 . . . . . . 2 . 1 . . . . . . . . . . . . . . . . . Reactor 21 | . . . 1 . . 1 . . . . . . . . . . . . . . . . . . 1 . . 1 . 2 1 . 2 . 1 1 4 . 4 2 Propulsion 93 | 2 9 . 4 . 12 8 1 . . . . . . 4 . . . . . . 2 . 2 . 3 2 . 4 . 11 2 . 7 3 5 3 . 1 4 4 Treads 25 | 1 4 . 2 . 10 6 . . . . . . . . . . . . . . . . . . 1 . . . . . . . . . . . . . 1 . Leg 1 | . . . 1 . . . . . . . . . . . . . . . . . . . . . . . . . . . . . . . . . . . . . Wheel 8 | 1 5 . 1 . 1 . . . . . . . . . . . . . . . . . . . . . . . . . . . . . . . . . . . Hover 1 | . . . . . . . . . . . . . . . . . . . . . . . . . . . . . . . . . . . . . . . . 1 Flight 58 | . . . . . 1 2 1 . . . . . . 4 . . . . . . 2 . 2 . 2 2 . 4 . 11 2 . 7 3 5 3 . 1 3 3 Utility 448 | . 3 1 16 . 26 14 10 . 5 5 3 2 3 11 2 6 3 2 5 7 17 2 23 15 8 2 10 8 . 27 14 4 20 2 12 15 26 22 60 37 Device 324 | . . . 11 . 16 7 7 . 2 3 2 . 1 7 1 2 3 2 3 6 15 2 21 8 5 1 10 7 . 25 10 3 14 1 8 11 20 21 41 28 Storage 31 | . 3 1 3 . 2 2 1 . 2 . . 1 1 1 . 2 . . . . . . 2 . . . . 1 . . 1 . 1 . . 2 . 1 2 2 Processor 9 | . . . . . 1 1 . . . . . . . . . 1 . . . . . . . . . . . . . . 1 . . . 1 . . . 4 . Hackware 12 | . . . 1 . . . 1 . 1 . . . . 2 . . . . 1 . 2 . . . 1 . . . . . . 1 . . . . 1 . . 1 Protection 66 | . . . 1 . 7 4 1 . . 2 1 1 1 1 1 1 . . 1 1 . . . 7 2 1 . . . 2 2 . 5 1 2 1 3 . 11 6 Artifact 6 | . . . . . . . . . . . . . . . . . . . . . . . . . . . . . . . . . . . 1 1 2 . 2 . Weapon 305 | . 5 1 16 7 20 11 3 1 1 . . . 2 7 3 1 . . . . 5 2 6 14 5 2 15 8 . 30 10 4 7 1 3 20 12 1 36 46 Energy Gun 21 | . . . 3 . 2 . . . . . . . . . . . . . . . . . . . 1 . 3 . . . . 1 . . . 1 1 . 6 3 Energy Cannon 53 | . 3 . 2 1 . 3 . . . . . . . . . . . . . . . . 1 2 . . . . . 9 3 1 4 . 1 6 3 . 12 2 Ballistic Gun 84 | . 2 . 10 4 14 6 . 1 . . . . 1 1 1 . . . . . 1 1 2 5 . 1 5 2 . 3 1 . 1 1 1 3 1 1 2 13 Ballistic Cannon 4 | . . . . . . . . . . . . . . . 1 . . . . . . . . . . . . . . . . . . . . 2 . . . 1 Launcher 17 | . . 1 1 2 3 2 1 . . . . . . 1 . . . . . . 1 . . . 2 . . . . . 1 . 1 . . . 1 . . . Special Weapon 4 | . . . . . . . . . . . . . . 1 . . . . . . . . . . . . . 2 . . . 1 . . . . . . . . Impact Weapon 6 | . . . . . . . . . . . . . . . . . . . . . . . . . . . . . . 6 . . . . . . . . . . Slashing Weapon 50 | . . . . . 1 . 2 . 1 . . . 1 4 1 1 . . . . 3 1 3 7 2 1 7 4 . 9 . . . . . . . . . 2 Piercing Weapon 66 | . . . . . . . . . . . . . . . . . . . . . . . . . . . . . . 3 5 1 1 . 1 8 6 . 16 25 Special Melee Weapon . | . . . . . . . . . . . . . . . . . . . . . . . . . . . . . . . . . . . . . . . . . Unidentified Prototypes 48 | . . . 7 . 5 . . . . . . . . 2 . . . . 1 . . . . . 4 . . . . . . 6 1 1 . 4 3 . 7 7 Parts Lost 17 | . 4 . 2 . 4 . . . . . . . . . . . 1 . . 1 . . . . . . . . . . 2 . 1 . 1 . . . . 1 Power 4 | . 1 . 1 . . . . . . . . . . . . . . . . . . . . . . . . . . . 1 . . . . . . . . 1 Propulsion 2 | . 1 . . . . . . . . . . . . . . . . . . . . . . . . . . . . . 1 . . . . . . . . . Utility 5 | . . . . . 2 . . . . . . . . . . . 1 . . 1 . . . . . . . . . . . . 1 . . . . . . . Weapon 6 | . 2 . 1 . 2 . . . . . . . . . . . . . . . . . . . . . . . . . . . . . 1 . . . . . Highest Loss Streak 3 | . 3 . 1 . 1 . . . . . . . . . . . 1 . . 1 . . . . . . . . . . 2 . 1 . 1 . . . . 1 Average Slot Usage (%) 93 | . 98 100 91 85 88 90 99 100 99 92 92 92 92 92 93 92 91 93 93 93 93 94 93 94 93 94 94 93 94 94 99 98 94 94 95 98 94 95 95 97 Engine 1 | . 13 14 11 . . . . . . . . . . . . . . . . . . . . . . . . . . . . . . . . . . . . . Core 2 | . . . . . 8 8 . 7 7 7 7 7 7 6 6 6 6 6 6 6 5 5 5 5 4 . . . . . . . . . . . . . . . Reactor 3 | . . . 2 14 . . 6 . . . . . . . . . . . . . . . . . . 5 5 4 5 5 5 5 3 4 8 8 7 8 8 8 Treads 5 | . 16 14 21 14 16 17 . . . . . . . . . . . . . . . . . . . . . . . . . . . . . . . . . . Wheel 1 | . 11 14 5 14 1 . . . . . . . . . . . . . . . . . . . . . . . . . . . . . . . . . . . Flight 13 | . . . . . . . 23 23 23 23 23 23 23 20 20 20 20 20 20 20 16 17 16 17 16 17 17 15 15 14 15 15 14 13 17 21 21 24 24 23 Device 17 | . . . 7 . 12 9 22 23 20 21 22 15 15 23 26 23 20 26 25 25 25 23 22 21 16 12 17 25 26 25 25 19 22 22 20 17 11 11 19 22 Storage 11 | . 27 28 6 14 17 18 7 7 7 7 7 10 15 8 6 7 13 13 13 13 11 11 11 11 11 11 11 10 10 10 10 10 9 9 8 11 13 12 8 8 Processor 6 | . . . . . 5 9 7 7 7 7 7 7 7 6 6 6 6 6 6 6 5 5 5 5 5 5 5 5 5 5 5 10 9 9 8 8 8 8 13 16 Hackware 11 | . . . . . . . 7 7 9 15 15 15 15 20 20 20 18 13 13 13 19 23 23 23 23 23 23 21 21 21 21 21 19 19 17 17 17 16 3 . Protection 4 | . . . 8 . 7 7 6 7 7 1 . 4 . . . . . . . . . . . 1 5 9 5 5 5 4 4 5 3 3 3 4 1 4 10 10 Energy Cannon 1 | . 8 14 3 14 . . . . . . . . . . . . . . . . . . . . . . . . . . . . 1 3 . . . . . . Ballistic Gun 5 | . 15 9 15 6 17 17 7 7 6 . . . . . 1 . . . . . . 4 . . . . . . . . . . . . 3 1 . 3 . 1 Slashing Weapon 1 | . . . . . . . 1 7 7 7 7 7 6 5 4 5 6 6 6 6 4 . 4 4 4 4 4 4 5 3 . . . . . . . . . . Piercing Weapon 1 | . . . . . . . . . . . . . . . . . . . . . . . . . . . . . . 1 4 9 5 4 4 5 7 4 6 6 Naked Turns . | . . . . . . . . . . . . . . . . . . . . . . . . . . . . . . . . . . . . . . . . . Heaviest Build 153 | 12 41 59 96 99 153 151 63 30 30 26 24 26 25 29 25 32 33 34 34 35 34 45 44 36 40 40 37 51 50 53 59 56 67 64 75 97 90 86 125 126 Greatest Support 130 | 20 40 16 40 16 40 40 30 30 42 30 24 30 30 34 34 42 42 34 34 34 42 34 36 34 92 40 46 52 52 70 74 56 83 71 110 98 90 104 130 130 Greatest Overweight (x) 12 | . 4 3 5 6 12 11 2 . . . . . 1 . . . . . 2 1 . 1 1 1 1 . . . . 1 1 . . . . 1 . . 3 1 Average Overweight (x) . | . 2 2 1 5 3 2 . . . . . . . . . . . . . . . . . . . . . . . . . . . . . . . . . . Largest Inventory Capacity 52 | 6 16 18 24 24 52 52 16 8 8 8 8 8 8 8 8 12 12 12 12 12 12 12 12 12 12 12 12 14 14 14 16 16 16 16 16 22 24 24 24 18 Average Capacity 16 | 6 13 16 8 24 31 31 8 8 8 8 8 8 8 8 8 9 12 12 12 12 12 12 12 12 12 12 12 12 14 14 15 16 16 16 16 20 22 24 18 18 Most Carried 32 | 6 16 18 24 24 32 32 15 8 8 8 8 8 8 8 8 12 12 12 12 12 12 12 12 12 12 12 12 14 14 14 16 16 16 16 16 22 24 24 24 18 Average Carried 15 | 5 12 16 6 23 31 31 8 7 7 8 8 7 7 7 7 8 12 11 11 11 11 11 11 11 11 11 11 12 14 13 15 15 15 15 15 20 22 23 17 17 Final Capacity 32 | 6 16 18 24 24 32 16 8 8 8 8 8 8 8 8 8 12 12 12 12 12 12 12 12 12 12 12 12 14 14 14 16 16 16 16 16 22 24 24 24 18 Final Carried 32 | 5 16 18 24 24 32 16 8 8 8 8 8 8 8 8 8 12 12 12 12 12 12 12 12 12 12 12 12 14 14 14 14 16 16 16 16 22 24 24 24 18 Class Distribution -------------------- 19% | Wizard-Sprinter 15% | Hauler-Mutant 14% | Mutant 12% | Wizard-Ninja 11% | Hacker-Sprinter 7% | Machinist-Sprinter 6% | Wizard-Scout Dominant Class ---------------- Mutant | -10/Materials Mutant | -10/Mines Mutant | -10/Exiles Hauler-Mutant | -9/Mines Hauler-Mutant | -8/Materials Hauler-Mutant | -8/Storage Scavenger-Sprinter | -7/Factory Scavenger-Sprinter | -7/Waste Sprinter | -7/Factory Hacker-Sprinter | -7/Lower Caves Hacker-Sprinter | -7/Lower Caves Hacker-Sprinter | -7/Data Miner Hacker-Sprinter | -6/Proximity Caves Hacker-Sprinter | -6/Factory Hacker-Sprinter | -6/Waste Hacker-Sprinter | -6/Factory Hacker-Sprinter | -6/Lower Caves Hacker-Sprinter | -6/Lower Caves Hacker-Mutant | -6/Zion Hacker-Sprinter | -5/Proximity Caves Hacker-Sprinter | -5/Factory Wizard-Sprinter | -5/Waste Wizard-Sprinter | -5/Factory Wizard-Sprinter | -5/Extension Wizard-Sprinter | -5/Cetus Wizard-Sprinter | -5/Archives Wizard-Sprinter | -5/Hub_04(d) Wizard-Sprinter | -4/Factory Wizard-Sprinter | -4/Waste Wizard-Sprinter | -4/Factory Wizard-Ninja | -4/Armory Wizard-Sprinter | -4/Lab Wizard-Ninja | -3/Research Wizard-Ninja | -3/Quarantine Wizard-Ninja | -2/Research Wizard-Scout | -2/Testing Wizard-Sprinter | -2/Section 7 Wizard-Scout | -1/Access Machinist-Sprinter | -1/Command Machinist-Sprinter | -1/Access_0 Resources | -11 -10 -10 -10 -9 -8 -8 -7 -7 -7 -7 -7 -7 -6 -6 -6 -6 -6 -6 -6 -5 -5 -5 -5 -5 -5 -5 -5 -4 -4 -4 -4 -4 -3 -3 -2 -2 -2 -1 -1 -1 ----------- Run | Scr Mat Min Exi Min Mat Sto Fac Was Fac Low Low Dat Pro Fac Was Fac Low Low Zio Pro Fac Was Fac Ext Cet Arc Hub Fac Was Fac Arm Lab Res Qua Res Tes Sec Acc Com Ac0 Matter Collected 18041 | 222 263 13 872 158 1524 777 181 . 203 90 30 . 15 861 230 113 65 45 108 66 740 284 1054 595 242 132 379 401 . 1563 397 . 672 94 448 390 668 683 1447 2016 Remotely . | . . . . . . . . . . . . . . . . . . . . . . . . . . . . . . . . . . . . . . . . . Salvage Created 27625 | 86 588 89 642 214 2227 1476 . . 255 . . 30 . 948 743 338 63 . . . 1272 748 903 735 305 144 509 555 . 1812 266 . 1331 449 584 880 690 1351 3320 4072 Parts 1145 | 2 41 2 77 23 137 79 . . 12 . . 2 . 29 21 7 2 . . . 29 15 40 29 17 6 26 15 . 43 13 . 61 34 18 22 26 49 109 159 Haulers Intercepted 17 | . 2 . . . 6 4 . . 1 . . . . 1 . . . . . . 1 . . . . . . . . . . . . . . 1 1 . . . Recyclers Shooed 22 | . 4 . . . 3 4 . . . . . . . . . . . . . . 1 . 1 2 . . . . . 1 . . 1 . . 2 2 . 1 . Parts Field Recycled 11 | . . . . . . . . . . . . . . . . . . . . . 2 1 8 . . . . . . . . . . . . . . . . . Retrieved Matter 425 | . . . . . . . . . . . . . . . . . . . . . 198 110 117 . . . . . . . . . . . . . . . . . Parts Self-Destructed 8 | . . . . . . . . . . 3 . . . . . . 5 . . . . . . . . . . . . . . . . . . . . . . . Prevented 5 | . . . . . . . . . . . 1 . . . . . . . 4 . . . . . . . . . . . . . . . . . . . . . Kills | -11 -10 -10 -10 -9 -8 -8 -7 -7 -7 -7 -7 -7 -6 -6 -6 -6 -6 -6 -6 -5 -5 -5 -5 -5 -5 -5 -5 -4 -4 -4 -4 -4 -3 -3 -2 -2 -2 -1 -1 -1 ------- Run | Scr Mat Min Exi Min Mat Sto Fac Was Fac Low Low Dat Pro Fac Was Fac Low Low Zio Pro Fac Was Fac Ext Cet Arc Hub Fac Was Fac Arm Lab Res Qua Res Tes Sec Acc Com Ac0 Combat Hostiles Destroyed 209 | . 12 . 4 17 36 17 . . . . . . . 1 2 . 1 . . . . 2 2 4 3 1 1 . . 4 7 . 11 4 3 . 5 4 25 43 Melee 36 | . . . . . . . . . . . . . . . . . 1 . . . . . . 2 . . . . . 2 1 . 2 2 . . . 1 14 11 Guns 108 | . 9 . 2 1 27 13 . . . . . . . 1 2 . . . . . . 2 2 2 . 1 1 . . 2 1 . 2 1 3 . 1 3 3 29 Cannons 22 | . 3 . . 8 1 1 . . . . . . . . . . . . . . . . . . . . . . . . . . 3 1 . . . . 4 1 AOE 38 | . . . 2 8 8 2 . . . . . . . . . . . . . . . . . . . . . . . . 5 . 4 . . . 4 . 3 2 Classes Destroyed 21 | 1 4 . 3 . 6 1 . . . . . . . . 2 . . . . . . . . 1 . . . . . 2 1 . . . . . . . . . Worker 12 | . . . . . 2 1 . . 2 . . . . 5 . . . . . . . . . . . . . . . 2 . . . . . . . . . . Builder 2 | . . . . . . . . . . . . . . . . . . . . . . . . 2 . . . . . . . . . . . . . . . . Hauler 17 | . 2 . . . 6 4 . . 1 . . . . 1 . . . . . . 1 . . . . . . . . . . . . . . 1 1 . . . Recycler 68 | 1 1 1 . . 5 4 . . 1 . . . . 5 . 2 . . . . 8 . 4 3 . . 1 3 . 10 . . 4 . 1 5 2 4 3 . Mechanic 2 | . . . . . 2 . . . . . . . . . . . . . . . . . . . . . . . . . . . . . . . . . . . Operator 9 | . . . . . 1 1 . . . . . . . . . . . . . . 1 . . . . . 2 . . . . . 1 1 . . . 1 1 . Drone 2 | . . . . . . . . . . . . . . . . . . . . . . . . . . . . . . 1 . . 1 . . . . . . . Turret 1 | . . . 1 . . . . . . . . . . . . . . . . . . . . . . . . . . . . . . . . . . . . . Watcher 71 | . 3 . . . 5 2 . . 2 . . . . 1 . 2 . . . . 3 . 6 . . . 4 4 . 5 2 . 8 3 4 3 5 9 . . Swarmer 48 | . 5 . . 12 14 . . . . . . . . . . . . . . . . . . . . . . . . . 4 . 8 . . . 4 . 1 . Saboteur 1 | . . . . . . . . . . . . . . . . . . . . . . . . . . . . . . . 1 . . . . . . . . . Grunt 46 | . 7 . . 3 10 10 . . . . . . . 1 . . 1 . . . . . . 2 . . . . . . 2 . 1 1 . . . 2 6 . Brawler 1 | . . . . . 1 . . . . . . . . . . . . . . . . . . . . . . . . . . . . . . . . . . . Duelist 1 | . . . . . . 1 . . . . . . . . . . . . . . . . . . . . . . . . . . . . . . . . . . Sentry 28 | . . . . . 8 4 . . . . . . . . . . . . . . . . 2 . . 1 1 . . 2 . . 1 . 3 . 1 2 3 . Hunter 8 | . . . . . 3 2 . . . . . . . . . . . . . . . . . 2 . . . . . . . . . . . . . . 1 . Programmer 12 | . . . . . . . . . . . . . . . . . . . . . . . . . . . . . . 1 . . . 3 . . . . 8 . Compactor 4 | . . . . . . . . . . . . . . . 2 . . . . . . 2 . . . . . . . . . . . . . . . . . . Cetus Guard 3 | . . . . . . . . . . . . . . . . . . . . . . . . . 3 . . . . . . . . . . . . . . . M Guard 2 | . . . . . . . . . . . . . . . . . . . . . . . . . . . . . . . . . . . . . . . 2 . Enhanced Grunt 27 | . . . . . . . . . . . . . . . . . . . . . . . . . . . 1 . . . . . . . . . . . . 26 Enhanced Sentry 2 | . . . . . . . . . . . . . . . . . . . . . . . . . . . . . . . . . . . . . . . . 2 Enhanced Hunter 8 | . . . . . . . . . . . . . . . . . . . . . . . . . . . . . . . . . . . . . . . . 8 Combat Programmer 2 | . . . . . . . . . . . . . . . . . . . . . . . . . . . . . . . . . . . . . . . 2 . Zionite 8 | . . . 8 . . . . . . . . . . . . . . . . . . . . . . . . . . . . . . . . . . . . . Assembled 9 | . . . 7 2 . . . . . . . . . . . . . . . . . . . . . . . . . . . . . . . . . . . . Wasp 2 | . . . . . . . . . . . . . . . 2 . . . . . . . . . . . . . . . . . . . . . . . . . Thug 1 | . . . . . . . . . . . . . . . . . . . . . . 1 . . . . . . . . . . . . . . . . . . Martyr 4 | . . . . . . . . . . . . . . . 2 . . . . . . 2 . . . . . . . . . . . . . . . . . . Guerrilla 1 | . . . . . . . . . . . . . . . . . . . . . . . . . . 1 . . . . . . . . . . . . . . Best Kill Streak 20 | 1 5 1 6 3 5 4 . . 1 . . 1 . 6 2 1 1 . . . 3 2 2 2 3 1 2 2 . 2 5 . 4 3 2 2 4 2 6 20 Combat Bots Only 20 | . 4 . 3 3 4 4 . . . . . . . 1 2 . 1 . . . . 2 1 1 3 1 1 . . 1 5 . 4 1 1 . 4 1 5 20 Max Kills in Single Turn 4 | 1 1 1 4 2 3 2 . . 1 . . 1 . 1 1 1 1 . . . 1 1 1 2 1 1 1 1 . 1 2 . 3 1 1 1 2 1 2 2 Gunslinging . | . . . . . . . . . . . . . . . . . . . . . . . . . . . . . . . . . . . . . . . . . Exploded 3 | . . . 1 2 3 2 . . . . . . . . . . . . . . . . . . . . . . . . 2 . 3 . . . 2 . 2 1 Melee 1 | . . . . . . . . . . . . . . . . . 1 . . . . . . 1 . . . . . 1 1 . 1 1 . . . 1 1 1 Uniques/NPCs Destroyed 13 | . . . 2 . . . . . . . . 1 . . . . . . . . . . . . 1 . . . . . . . . . . . . . 2 7 8R-AWN (-10/Exiles) EX-BIN (-10/Exiles) EX-DEC (-10/Exiles) EX-HEX (-10/Exiles) Data Miner (-7/Data Miner) A7 (-5/Cetus) MAIN.C Shell (-1/Command) MAIN.C (-1/Command) A8 (-1/Access_0) A5 (-1/Access_0) A6 (-1/Access_0) A4 (-1/Access_0) A3 (-1/Access_0) A2 (-1/Access_0) Architect (-1/Access_0) Combat | -11 -10 -10 -10 -9 -8 -8 -7 -7 -7 -7 -7 -7 -6 -6 -6 -6 -6 -6 -6 -5 -5 -5 -5 -5 -5 -5 -5 -4 -4 -4 -4 -4 -3 -3 -2 -2 -2 -1 -1 -1 -------- Run | Scr Mat Min Exi Min Mat Sto Fac Was Fac Low Low Dat Pro Fac Was Fac Low Low Zio Pro Fac Was Fac Ext Cet Arc Hub Fac Was Fac Arm Lab Res Qua Res Tes Sec Acc Com Ac0 Damage Taken 11159 | . 655 . 894 329 1698 720 20 . 283 . 50 . 170 133 . 113 138 . . 212 25 . . 169 170 27 217 68 . 815 580 . 690 259 109 41 176 . 1192 1206 Core 1381 | . 142 . 57 36 196 88 . . 48 . . . 66 . . . 29 . . . . . . 93 42 . 56 17 . 138 118 . 44 49 . . 42 . 26 94 Absorbed by Shields 2359 | . . . . . . . . . 12 . . . . . . . . . . . . . . . 83 . . . . . 48 . . . 10 40 . . 991 1175 Core Remaining (%) 77 | 100 . . . 6 . 48 . . . . . . 83 . . . . . . 96 . . . . . . 80 . . . . 100 . 92 . . 97 . . 75 Volleys Fired 1309 | 2 80 3 249 38 173 91 18 11 14 . . . 8 3 19 . . . . . 3 13 15 23 3 5 41 11 . 34 15 . 34 9 61 14 23 80 78 138 Largest 2 | 2 2 2 2 2 2 2 1 1 1 . . . 1 1 1 . . . . . 1 1 1 1 1 1 1 1 . 1 1 . 1 1 1 1 1 1 1 1 Hottest 200 | 70 80 80 100 88 88 88 30 30 30 . . . 30 30 30 . . . . . 30 30 98 98 46 30 80 30 . 105 120 . 100 100 100 130 130 40 200 200 Shots Fired 1758 | 4 155 6 377 56 326 161 18 11 14 . . . 8 3 19 . . . . . 3 13 15 23 3 5 41 11 . 34 15 . 34 9 61 14 23 80 78 138 Gun 1517 | 4 121 3 355 18 303 143 14 11 14 . . . 8 1 19 . . . . . 3 13 14 16 . 5 41 10 . 17 9 . 23 4 59 5 13 80 62 129 Cannon 185 | . 34 3 1 31 15 16 . . . . . . . . . . . . . . . . 1 7 . . . . . 17 3 . 9 5 2 9 7 . 16 9 Launcher 54 | . . . 21 7 8 2 4 . . . . . . 1 . . . . . . . . . . 3 . . . . . 3 . 2 . . . 3 . . . Special 2 | . . . . . . . . . . . . . . 1 . . . . . . . . . . . . . 1 . . . . . . . . . . . . Kinetic 1368 | 2 103 3 301 18 303 143 14 11 14 . . . 8 1 19 . . . . . 3 13 14 16 . 5 27 10 . 17 9 . 23 4 59 5 13 80 2 128 Thermal 198 | 2 52 3 1 31 15 . . . . . . . . . . . . . . . . . 1 7 . . 14 . . 17 3 . 9 5 2 9 7 . 11 9 Explosive 26 | . . . 4 7 2 . 4 . . . . . . 1 . . . . . . . . . . . . . . . . 3 . 2 . . . 3 . . . Electromagnetic 103 | . . . 71 . 6 18 . . . . . . . . . . . . . . . . . . 3 . . . . . . . . . . . . . 5 . Slashing 61 | . . . . . . . . . . . . . . . . . . . . . . . . . . . . . . . . . . . . . . . 60 1 Robot Hit Streak 36 | 1 16 2 17 8 13 36 2 2 1 . . . 1 3 6 . . . . . 2 5 4 5 6 2 4 5 . 5 2 . 4 1 4 . 3 5 11 14 Robot Miss Streak 8 | 2 6 2 5 4 3 2 4 2 3 . . . 6 . 3 . . . . . 1 1 3 5 1 2 2 2 . 1 4 . 2 1 6 4 4 3 3 8 Penetration Max 2 | . . . 1 . . . . 1 . . . . . . 2 . . . . . . 1 . 2 . 1 1 . . . . . 1 . . . . 1 . 2 Secondary Targets 3 | . 2 . . . 1 . . . . . . . . . . . . . . . . . . . . . . . . . . . . . . . . . . . Max Gunslinging Chain 1 | . 1 . . . 1 . . . . . . . . . . . . . . . . . . . . . . . . . . . . . . . . . . . Shots Hit Robots 1449 | 1 105 3 242 17 216 125 5 6 11 . . 1 2 24 14 9 1 . . . 26 14 24 19 6 3 17 19 . 39 7 . 43 11 26 14 23 55 128 193 Core Hits 809 | 2 39 1 75 24 90 49 2 1 6 . . 1 . 12 8 3 1 . . . 13 8 12 9 9 4 9 7 . 18 13 . 31 9 11 9 16 24 72 221 Critical Hits 253 | . . . 12 . 5 . . 3 3 . . . 1 3 6 . . . . . 2 5 4 8 . 2 4 2 . 5 1 . 9 3 10 4 2 12 12 135 Critical Kills 76 | . . . 3 . . . . . 1 . . . . 3 3 . . . . . 1 3 2 4 . 2 1 1 . 3 . . 4 1 4 2 2 3 3 30 Critical Parts Destroyed 137 | . . . 6 . 5 . . 1 2 . . . 1 . 1 . . . . . 1 1 1 4 . . 3 1 . 1 1 . 4 2 5 2 . 7 7 81 Melee Attacks 1264 | . . . . . 3 . 9 . 67 9 3 7 2 94 2 52 4 . . . 56 4 81 31 5 . 41 52 . 111 21 4 123 39 56 31 71 55 124 107 Impact 19 | . . . . . . . . . . . . . . . . . . . . . . . . . . . . . . 8 11 . . . . . . . . . Slashing 605 | . . . . . 3 . 9 . 67 9 3 7 2 94 2 52 4 . . . 56 4 81 31 5 . 41 52 . 80 . . . . . . . . . 3 Piercing 640 | . . . . . . . . . . . . . . . . . . . . . . . . . . . . . . 23 10 4 123 39 56 31 71 55 124 104 Sneak Attacks 100 | . . . . . . . . . 2 . . 1 . 12 2 3 1 . . . 10 4 4 2 5 . 4 5 . 15 . . 4 1 3 5 3 7 7 . Combat Hostiles 7 | . . . . . . . . . . . . . . . . . 1 . . . . . . . . . . . . 2 . . . . . . . 1 3 . Follow-up Attacks 34 | . . . . . . . . . . . . . . . . . . . . . . . . . . . . . . . . . 1 . . . 7 . 15 11 Damage Inflicted 62677 | 19 1092 47 2398 855 4059 2265 49 181 658 . . 197 25 2620 646 867 161 . . . 2783 879 1575 1130 965 84 1405 1513 . 3865 1016 . 3088 790 1347 1414 2131 2746 12318 7489 Guns 13615 | 19 709 12 1849 46 3318 1896 49 181 72 . . . 25 14 361 . . . . . 19 214 139 272 . 84 198 21 . 132 55 . 222 50 503 51 14 239 1414 1437 Cannons 3695 | . 383 35 . 260 206 241 . . . . . . . . . . . . . . . . . . . . . . . . . . 229 57 . . . . 1470 814 Explosions 6225 | . . . 549 549 535 128 . . . . . . . . . . . . . . . . . . 362 . 303 . . . 756 . 438 . . . 575 . 959 1071 Melee 39142 | . . . . . . . . . 586 . . 197 . 2606 285 867 161 . . . 2764 665 1436 858 603 . 904 1492 . 3733 205 . 2199 683 844 1363 1542 2507 8475 4167 Ramming . | . . . . . . . . . . . . . . . . . . . . . . . . . . . . . . . . . . . . . . . . . Kinetic 12003 | 6 559 12 1814 46 3318 1896 49 181 72 . . . 25 14 361 . . . . . 19 214 139 272 . 84 198 21 . 132 55 . 222 50 503 51 14 239 . 1437 Thermal 5691 | 13 533 35 139 260 206 . . . . . . . . . . . . . . . . . . . . . . . . . . . 229 57 . . . . 2334 1885 Explosive 2936 | . . . 337 549 281 . . . . . . . . . . . . . . . . . . . . . . . . . 756 . 438 . . . 575 . . . Electromagnetic 1491 | . . . 108 . 254 369 . . . . . . . . . . . . . . . . . . 362 . 303 . . . . . . . . . . . 95 . Impact 702 | . . . . . . . . . . . . . . . . . . . . . . . . . . . . . . 597 105 . . . . . . . . . Slashing 17503 | . . . . . . . . . 586 . . 197 . 2606 285 867 161 . . . 2764 665 1436 858 603 . 904 1492 . 2665 . . . . . . . . 1414 . Piercing 22351 | . . . . . . . . . . . . . . . . . . . . . . . . . . . . . . 471 100 . 2199 683 844 1363 1542 2507 8475 4167 Highest Corruption 7 | . 1 1 3 2 . . . . . . . . . . . . . . . . . . . . . . 2 . 7 7 2 . . . . . . . 6 3 Average Corruption 2 | . 1 1 1 2 . . . . . . . . . . . . . . . . . . . . . . 1 . 7 3 1 . . . . . . . 4 2 Corruption Purged 16 | . . . 1 . . . . . . . . . . . . . . . . . . . . . . . . . . 7 2 . . . . . . . 6 . Effects 134 | . . . 34 5 . . . . . . . . . . . . . . . . . . . . . . 3 . 1 35 1 . . . . . . . 42 13 Message Errors 40 | . . . 12 1 . . . . . . . . . . . . . . . . . . . . . . 2 . 1 10 . . . . . . . . 11 3 Matter Fused 23 | . . . . . . . . . . . . . . . . . . . . . . . . . . . . . . 8 . . . . . . . . 11 4 Heat Flow Errors 16 | . . . 1 3 . . . . . . . . . . . . . . . . . . . . . . . . . 5 . . . . . . . . 7 . Energy Discharges 21 | . . . 6 . . . . . . . . . . . . . . . . . . . . . . . . . . 4 1 . . . . . . . 7 3 Parts Rejected 1 | . . . . . . . . . . . . . . . . . . . . . . . . . . . . . . . . . . . . . . . 1 . Data Loss (minor) 17 | . . . 8 . . . . . . . . . . . . . . . . . . . . . . . 1 . . 4 . . . . . . . . 3 1 Data Loss (major) 2 | . . . . . . . . . . . . . . . . . . . . . . . . . . . . . . 1 . . . . . . . . 1 . Targeting Errors 11 | . . . 5 . . . . . . . . . . . . . . . . . . . . . . . . . . 3 . . . . . . . . 1 2 Weapon Failures 3 | . . . 2 1 . . . . . . . . . . . . . . . . . . . . . . . . . . . . . . . . . . . . Overload Shots . | . . . . . . . . . . . . . . . . . . . . . . . . . . . . . . . . . . . . . . . . . Overflow Damage 9147 | . 9 . . 47 . 1 . . 164 . . . . 730 . 330 . . . . 1041 . 263 309 15 . 324 542 . 1609 74 . 237 . 270 255 560 567 1458 342 Projectiles 540 | . 9 . . . . 1 . . . . . . . . . . . . . . . . . . . . . . . . . . . . . . . . 386 144 Explosions 603 | . . . . 47 . . . . . . . . . . . . . . . . . . . . 15 . 46 . . . 62 . . . . . 121 . 208 104 Melee 8004 | . . . . . . . . . 164 . . . . 730 . 330 . . . . 1041 . 263 309 . . 278 542 . 1609 12 . 237 . 270 255 439 567 864 94 Knockbacks 3 | . . . . . . . . . . . . . . . . . . . . . . . . . . . . . . 3 . . . . . . . . . . Impact 3 | . . . . . . . . . . . . . . . . . . . . . . . . . . . . . . 3 . . . . . . . . . . Kinetic . | . . . . . . . . . . . . . . . . . . . . . . . . . . . . . . . . . . . . . . . . . Secondary . | . . . . . . . . . . . . . . . . . . . . . . . . . . . . . . . . . . . . . . . . . Self-Inflicted Damage 273 | . . . 12 47 . . 15 . . . . . . . . . . . . . . . . . . . 151 . . . . . 48 . . . . . . . Shots 9 | . . . 1 3 . . 1 . . . . . . . . . . . . . . . . . . . 2 . . . . . 2 . . . . . . . Rammed 1 | . . . . 1 . . . . . . . . . . . . . . . . . . . . . . . . . . . . . . . . . . . . Targets Rammed 1 | . . . . 1 . . . . . . . . . . . . . . . . . . . . . . . . . . . . . . . . . . . . Kicked . | . . . . . . . . . . . . . . . . . . . . . . . . . . . . . . . . . . . . . . . . . Crushed . | . . . . . . . . . . . . . . . . . . . . . . . . . . . . . . . . . . . . . . . . . Highest Temperature 280 | 40 144 100 145 274 117 30 . . 9 . . . . 14 1 . 22 . . 9 28 . 56 280 28 . 180 . . 280 128 . 192 53 107 184 126 . 131 . Average Temperature 35 | 20 51 50 28 50 21 10 . . 8 . . . . 8 1 . 13 . . 6 14 . 33 128 15 . 65 . . 69 32 . 69 27 17 41 33 . 75 . Received Heat Transfer 1596 | . 279 . 40 36 432 234 . . 54 . 9 . 9 9 . . 6 . . 39 9 . . 18 13 . 9 9 . 81 86 . 54 . 9 4 27 . 25 105 Effects 3 | . . . . . . . . . . . . . . . . . . . . . . . . 3 . . . . . . . . . . . . . . . . Interference 3 | . . . . . . . . . . . . . . . . . . . . . . . . 3 . . . . . . . . . . . . . . . . Siege Activations . | . . . . . . . . . . . . . . . . . . . . . . . . . . . . . . . . . . . . . . . . . Robots Corrupted 5 | . . . . . . 1 . . . . . . . . . . . . . . . . . . 3 . . . . . . . . . . . . . 1 . Combat Hostiles 5 | . . . . . . 1 . . . . . . . . . . . . . . . . . . 3 . . . . . . . . . . . . . 1 . Parts Fried 19 | . . . 1 . . 1 . . . . . . . . . . . . . . . . . . 1 . 4 . . 9 1 . . . . . . . 1 1 Impact Corruptions 14 | . . . . . . . . . . . . . . . . . . . . . . . . . . . . . . 13 1 . . . . . . . . . Robots Melted . | . . . . . . . . . . . . . . . . . . . . . . . . . . . . . . . . . . . . . . . . . Combat Hostiles . | . . . . . . . . . . . . . . . . . . . . . . . . . . . . . . . . . . . . . . . . . Parts Melted 2 | . 1 . . . 1 . . . . . . . . . . . . . . . . . . . . . . . . . . . . . . . . . . . Heat Transferred 5222 | 37 1258 74 130 444 370 . . . . . . . . . . . . . . . . . . . . . . . . . . . 185 37 . . . . 1230 1457 Parts Sabotaged . | . . . . . . . . . . . . . . . . . . . . . . . . . . . . . . . . . . . . . . . . . Parts Stolen . | . . . . . . . . . . . . . . . . . . . . . . . . . . . . . . . . . . . . . . . . . Parts Stripped . | . . . . . . . . . . . . . . . . . . . . . . . . . . . . . . . . . . . . . . . . . Power Chain Reactions 2 | . . . 1 . 1 . . . . . . . . . . . . . . . . . . . . . . . . . . . . . . . . . . . Missiles Intercepted 1 | . . . . . . . . . . . . . . . . . . . . . . . . . . . . . . . . . . . . . . . 1 . Alert | -11 -10 -10 -10 -9 -8 -8 -7 -7 -7 -7 -7 -7 -6 -6 -6 -6 -6 -6 -6 -5 -5 -5 -5 -5 -5 -5 -5 -4 -4 -4 -4 -4 -3 -3 -2 -2 -2 -1 -1 -1 ------- Run | Scr Mat Min Exi Min Mat Sto Fac Was Fac Low Low Dat Pro Fac Was Fac Low Low Zio Pro Fac Was Fac Ext Cet Arc Hub Fac Was Fac Arm Lab Res Qua Res Tes Sec Acc Com Ac0 Peak Influence 571 | 5 215 37 . 225 371 347 173 48 94 . . . . 429 57 525 . . . . 481 131 402 218 293 147 571 228 73 548 470 . 490 194 143 453 294 409 421 . Initial 151 | . 3 37 . . 27 29 58 33 12 . . . . . 27 11 . . . . . 59 77 49 121 . 51 151 43 51 130 . . 37 . 11 8 . 3 . Average 93 | 4 76 20 . 58 122 143 72 30 35 . . . . 77 22 57 . . . . 138 110 62 61 65 131 205 78 51 124 205 . 85 82 28 68 106 77 79 . Maximum Alert Level 2 | . 1 . . 1 1 1 . . . . . . . 2 . 2 . . . . 2 . 2 1 1 . 2 1 . 2 2 . 2 . . 2 1 2 2 . Low Security (%) 81 | 100 97 100 . 96 75 69 100 100 100 . . . . 88 100 96 . . . . 80 100 97 98 82 100 53 97 100 76 54 . 97 100 100 99 70 83 29 . Level 1 15 | . 2 . . 3 24 30 . . . . . . . 5 . . . . . . 8 . . 1 17 . 37 2 . 20 39 . 2 . . . 29 12 62 . Level 2 2 | . . . . . . . . . . . . . . 5 . 3 . . . . 11 . 2 . . . 9 . . 2 5 . . . . . . 3 7 . Level 3 . | . . . . . . . . . . . . . . . . . . . . . . . . . . . . . . . . . . . . . . . . . Level 4 . | . . . . . . . . . . . . . . . . . . . . . . . . . . . . . . . . . . . . . . . . . Level 5 . | . . . . . . . . . . . . . . . . . . . . . . . . . . . . . . . . . . . . . . . . . High Security . | . . . . . . . . . . . . . . . . . . . . . . . . . . . . . . . . . . . . . . . . . Max Security . | . . . . . . . . . . . . . . . . . . . . . . . . . . . . . . . . . . . . . . . . . Squads Dispatched 78 | . 4 . . . 3 1 5 . 6 . . . . 4 . 5 . . . . 4 . 3 1 . . 6 2 . 3 2 . 7 2 4 5 5 4 2 . Investigation 20 | . 2 . . . 2 1 2 . 2 . . . . 2 . 2 . . . . 3 . . . . . 1 1 . . . . 1 . . . . 1 . . Extermination 40 | . . . . . . . 2 . 2 . . . . 1 . 2 . . . . 1 . 3 . . . 1 1 . 3 2 . 5 2 3 3 5 2 2 . Reinforcement 16 | . 2 . . . 1 . 1 . 2 . . . . 1 . 1 . . . . . . . 1 . . 3 . . . . . 1 . 1 1 . 1 . . Assault 2 | . . . . . . . . . . . . . . . . . . . . . . . . . . . 1 . . . . . . . . 1 . . . . Garrison . | . . . . . . . . . . . . . . . . . . . . . . . . . . . . . . . . . . . . . . . . . Intercept . | . . . . . . . . . . . . . . . . . . . . . . . . . . . . . . . . . . . . . . . . . Construction Impeded 3 | . . . . . . . . . . . . . . . . . . . . . . . . 1 . . 2 . . . . . . . . . . . . . Haulers Reinforced 4 | . . . . . . . . . 1 . . . . 1 . 1 . . . . . . . . . . . . . . . . . . . . . 1 . . Stealth | -11 -10 -10 -10 -9 -8 -8 -7 -7 -7 -7 -7 -7 -6 -6 -6 -6 -6 -6 -6 -5 -5 -5 -5 -5 -5 -5 -5 -4 -4 -4 -4 -4 -3 -3 -2 -2 -2 -1 -1 -1 --------- Run | Scr Mat Min Exi Min Mat Sto Fac Was Fac Low Low Dat Pro Fac Was Fac Low Low Zio Pro Fac Was Fac Ext Cet Arc Hub Fac Was Fac Arm Lab Res Qua Res Tes Sec Acc Com Ac0 Distress Signals 54 | . . . . . 6 1 1 . 3 . . . . 1 . . . . . . 1 . . 1 1 . 2 . . 3 1 . 3 1 3 . . 2 24 . Communications Jammed 116 | . . . . . . . . . . . . . . . . . . . . . . . 3 . . . . . . 14 15 . 69 . 4 . 10 1 . . Distress Signals 106 | . . . . . . . . . . . . . . . . . . . . . . . 3 . . . . . . 14 15 . 63 . . . 10 1 . . Times Spotted 641 | . 24 8 11 19 57 25 12 3 18 1 2 4 17 37 6 10 7 . . 9 18 6 19 10 5 5 10 14 4 57 28 . 42 9 18 6 17 20 32 51 Peak Tracking Total 22 | . 3 10 5 4 5 4 3 3 6 1 2 4 12 8 4 7 7 . . 9 6 5 5 4 5 2 3 3 4 8 14 . 6 3 5 2 3 3 10 22 Tactical Retreats 110 | . 1 . 13 1 5 1 2 . 3 1 1 . 2 6 . 4 1 . . . 3 . 5 . . . 1 2 . 16 2 . 10 1 6 2 2 9 5 5 Traps | -11 -10 -10 -10 -9 -8 -8 -7 -7 -7 -7 -7 -7 -6 -6 -6 -6 -6 -6 -6 -5 -5 -5 -5 -5 -5 -5 -5 -4 -4 -4 -4 -4 -3 -3 -2 -2 -2 -1 -1 -1 ------- Run | Scr Mat Min Exi Min Mat Sto Fac Was Fac Low Low Dat Pro Fac Was Fac Low Low Zio Pro Fac Was Fac Ext Cet Arc Hub Fac Was Fac Arm Lab Res Qua Res Tes Sec Acc Com Ac0 Traps Triggered 36 | . 1 . . . 2 2 1 . 1 . . . . 1 . . . . . . 3 . 3 1 . . 1 2 . 6 . . . 2 3 . 1 2 4 . Indirectly . | . . . . . . . . . . . . . . . . . . . . . . . . . . . . . . . . . . . . . . . . . Trap Hack Attempts . | . . . . . . . . . . . . . . . . . . . . . . . . . . . . . . . . . . . . . . . . . Triggered . | . . . . . . . . . . . . . . . . . . . . . . . . . . . . . . . . . . . . . . . . . Disarmed . | . . . . . . . . . . . . . . . . . . . . . . . . . . . . . . . . . . . . . . . . . Reprogrammed . | . . . . . . . . . . . . . . . . . . . . . . . . . . . . . . . . . . . . . . . . . Reused 5 | . . . 5 . . . . . . . . . . . . . . . . . . . . . . . . . . . . . . . . . . . . . Traps Extracted . | . . . . . . . . . . . . . . . . . . . . . . . . . . . . . . . . . . . . . . . . . Installed 5 | . . . 5 . . . . . . . . . . . . . . . . . . . . . . . . . . . . . . . . . . . . . Triggered 1 | . . . . . . . . . . . 1 . . . . . . . . . . . . . . . . . . . . . . . . . . . . . Machines | -11 -10 -10 -10 -9 -8 -8 -7 -7 -7 -7 -7 -7 -6 -6 -6 -6 -6 -6 -6 -5 -5 -5 -5 -5 -5 -5 -5 -4 -4 -4 -4 -4 -3 -3 -2 -2 -2 -1 -1 -1 ---------- Run | Scr Mat Min Exi Min Mat Sto Fac Was Fac Low Low Dat Pro Fac Was Fac Low Low Zio Pro Fac Was Fac Ext Cet Arc Hub Fac Was Fac Arm Lab Res Qua Res Tes Sec Acc Com Ac0 Machines Disabled 100 | . . . 14 1 2 3 1 . 2 . . 1 . . . . . . . . . . . 6 . 3 12 1 . . 9 1 . 6 . 10 9 . 6 13 Max in Single Turn 7 | . . . 2 1 1 1 1 . 1 . . 1 . . . . . . . . . . . 1 . . 7 1 . . 1 1 . 1 . 1 1 . 2 1 Garrison Access 33 | . . . . . . 1 2 . 3 . . . . 3 . 2 . . . . 3 . 2 . . . 1 2 . 3 . . 2 1 3 . 1 4 . . Phase Generator 1 | . . . . . . . . . . . . . . . . . . . . . . . . . . . . . . . . . . . . . . . 1 . Network Hub 4 | . . . . . . . . . . . . . . . . . . . . . . . . . . . 4 . . . . . . . . . . . . . Machines Sabotaged . | . . . . . . . . . . . . . . . . . . . . . . . . . . . . . . . . . . . . . . . . . Garrisons Compromised . | . . . . . . . . . . . . . . . . . . . . . . . . . . . . . . . . . . . . . . . . . Overloaded Fab Kills . | . . . . . . . . . . . . . . . . . . . . . . . . . . . . . . . . . . . . . . . . . Fab Network Shutdowns 9 | . . . . . . . . . . . . . . 1 . 1 . . . . 1 . 1 . . . . . . 1 1 . 1 . . 1 . 1 . . Hacking | -11 -10 -10 -10 -9 -8 -8 -7 -7 -7 -7 -7 -7 -6 -6 -6 -6 -6 -6 -6 -5 -5 -5 -5 -5 -5 -5 -5 -4 -4 -4 -4 -4 -3 -3 -2 -2 -2 -1 -1 -1 --------- Run | Scr Mat Min Exi Min Mat Sto Fac Was Fac Low Low Dat Pro Fac Was Fac Low Low Zio Pro Fac Was Fac Ext Cet Arc Hub Fac Was Fac Arm Lab Res Qua Res Tes Sec Acc Com Ac0 Machines Accessed 425 | . 9 1 3 1 15 16 25 . 25 . 3 4 . 30 . 20 . . 1 . 26 . 29 11 4 . 15 15 . 29 12 1 24 14 20 11 20 30 9 2 Terminals 248 | . 6 . . . 10 11 13 . 14 . . . . 15 . 9 . . . . 14 . 18 11 4 . 14 5 . 15 9 . 13 9 10 7 15 19 7 . Fabricators 37 | . . . . . . . 3 . 3 . . . . 4 . 4 . . . . 4 . 3 . . . . . . 4 2 . 3 . 3 1 . 3 . . Repair Stations 30 | . 1 . . . 1 2 1 . 1 . . . . 2 . 2 . . . . 2 . 2 . . . . 3 . 4 1 . 3 1 1 . 2 . 1 . Recycling Units 30 | . 2 . . . 2 2 4 . 2 . . . . 3 . 1 . . . . . . 2 . . . . 3 . 2 . . 1 . 2 . . 3 1 . Scanalyzers 27 | . . . . . 2 . 2 . 2 . . . . 2 . 1 . . . . 3 . 1 . . . . 2 . 1 . . 2 3 1 3 2 . . . Garrison Access 37 | . . . . . . 1 2 . 3 . . . . 4 . 3 . . . . 3 . 3 . . . 1 2 . 3 . . 2 1 3 . 1 5 . . Total Hacks 1867 | . 32 1 3 1 48 49 61 . 51 . 8 23 . 102 . 70 . . 3 . 74 . 100 59 22 . 65 74 . 148 107 18 149 80 126 72 72 162 66 21 Successful 1495 | . 21 1 3 1 30 33 39 . 36 . 8 23 . 84 . 54 . . 3 . 62 . 87 54 20 . 47 63 . 121 90 18 126 72 101 53 62 116 46 21 Failed 362 | . 10 . . . 17 16 21 . 15 . . . . 17 . 16 . . . . 12 . 12 4 1 . 18 10 . 27 16 . 23 8 24 19 10 46 20 . Catastrophic 30 | . 1 . . . 1 . 1 . 2 . . . . . . 1 . . . . 1 . . . . . 2 1 . 5 1 . 4 . 1 . . 6 3 . Database Lockouts 10 | . 1 . . . 1 . 1 . . . . . . 1 . . . . . . . . 1 1 1 . . 1 . . 1 . . . 1 . . . . . Manual 1005 | . 20 . 1 . 31 34 25 . 27 . . . . 55 . 37 . . 4 . 44 . 59 44 18 . 43 37 . 79 55 . 74 41 57 28 35 112 45 . Terminals 1297 | . 25 . . . 34 36 38 . 38 . . . . 62 . 42 . . . . 48 . 70 59 22 . 59 43 . 90 88 . 100 63 82 54 57 129 58 . Fabricators 146 | . . . . . . . 7 . 4 . . . . 13 . 13 . . . . 13 . 8 . . . . . . 24 15 . 12 . 19 6 . 12 . . Repair Stations 111 | . 5 . . . 4 6 1 . 1 . . . . 4 . 6 . . . . 7 . 4 . . . . 7 . 19 4 . 23 4 3 . 11 . 2 . Recycling Units 101 | . 2 . . . 6 5 5 . 3 . . . . 11 . 2 . . . . . . 10 . . . . 13 . 9 . . 6 . 12 . . 11 6 . Scanalyzers 72 | . . . . . 4 . 6 . 2 . . . . 5 . 1 . . . . 3 . 3 . . . . 8 . 2 . . 6 12 5 12 3 . . . Garrison Access 62 | . . . . . . 2 4 . 3 . . . . 7 . 6 . . . . 3 . 5 . . . 6 3 . 4 . . 2 1 5 . 1 10 . . Terminal Hacks 643 | . 11 1 3 1 10 11 15 . 12 . 8 23 . 28 . 17 . . 3 . 19 . 35 27 13 . 24 22 . 32 48 18 52 34 41 22 22 51 19 21 Record 59 | . . . 2 . . . . . . . 6 11 . . . . . . . . . . . . 4 . . . . . . 18 . 1 . . 1 . . 16 Part Schematic 57 | . . . . . 1 . 2 . 1 . . 4 . 4 . 1 . . 3 . 2 . 5 2 . . . 6 . 2 8 . 6 1 5 1 . 3 . . Robot Schematic 12 | . . . . . . . . . . . . 5 . . . . . . . . . . . 1 . . . . . . . . . 2 2 . . 2 . . Robot Analysis 37 | . 3 . . . . 1 . . 1 . . . . 5 . 1 . . . . . . 1 3 . . 1 1 . 2 . . 3 4 1 2 . 7 1 . Prototype ID Bank 90 | . 2 . . . 4 2 4 . 2 . . 3 . 2 . 2 . . . . 3 . 7 2 5 . 4 . . 5 4 . 8 10 4 2 2 11 2 . Open Door 23 | . . 1 . 1 . 3 . . . . 2 . . . . . . . . . 1 . 2 2 1 . . . . . 1 . 1 . . . 5 2 1 . Level Access Points 3 | . . . . . . . . . . . . . . . . . . . . . . . . . . . 1 . . . 1 . . 1 . . . . . . Branch Access Points 10 | . 1 . . . 1 . . . 1 . . . . . . 1 . . . . . . 1 . . . . . . 1 1 . 1 . 1 . . 1 . . Emergency Access Points 12 | . 1 . . . . . . . . . . . . 1 . . . . . . 1 . . . . . . 1 . . 2 . 1 . 2 1 . 1 1 . Machine Index 15 | . . . . . . . 1 . 1 . . . . 1 . 1 . . . . 1 . 1 . . . . 1 . 1 1 . 1 . 1 1 1 1 1 . Terminal Index 14 | . . . . . . . . . 1 . . . . . . 1 . . . . 1 . 1 1 . . 1 . . 1 1 . . 1 1 1 1 1 1 . Fabricator Index 4 | . . . . . . . . . . . . . . . . . . . . . . . 1 . . . . . . . 1 . . . 1 1 . . . . Recycling Unit Index 3 | . . . . . . . . . . . . . . 1 . . . . . . . . . . . . . . . . 1 . . . 1 . . . . . Scanalyzer Index 1 | . . . . . . . . . . . . . . . . . . . . . . . . . . . . . . . . . 1 . . . . . . . Garrison Index 5 | . . . . . . . . . . . . . . . . . . . . . . . 1 . . . 1 . . . . . 1 . 1 . . 1 . . Alert Level 29 | . 1 . . . 1 2 1 . 1 . . . . . . . . . . . 1 . 2 2 . . 1 2 . 1 2 . 2 . 3 1 2 4 . . Unreport Threat 59 | . . . . . 3 1 . . . . . . . 3 . 2 . . . . 2 . 3 3 3 . 6 2 . 3 6 . 5 1 1 3 1 6 5 . Locate Traps 49 | . 1 . . . . . 1 . . . . . . 1 . 1 . . . . 4 . 2 4 . . 2 . . 5 2 . 8 3 4 2 1 6 2 . Dispatch Records 3 | . . . . . . . 1 . . . . . . . . . . . . . . . . 1 . . . . . . 1 . . . . . . . . . Maintenance Status 3 | . . . . . . . 1 . . . . . . . . . . . . . . . . . . . . . . . 1 . . . 1 . . . . . Security Status 5 | . . . . . . . . . . . . . . 1 . 1 . . . . . . . . . . . 1 . . . . . . 1 . . . 1 . Surveillance Status 2 | . . . . . . . . . . . . . . . . . . . . . . . . . . . . . . . 1 . . . . . . . 1 . Patrol Status 9 | . . . . . . . . . . . . . . . . 1 . . . . . . . 1 . . . 1 . . 3 . 1 1 . . . . 1 . Transport Status 1 | . . . . . . . . . . . . . . . . . . . . . . . . 1 . . . . . . . . . . . . . . . . Recall Investigation 4 | . . . . . . . . . 1 . . . . 1 . 1 . . . . . . . . . . . 1 . . . . . . . . . . . . Recall Extermination 32 | . . . . . . . 2 . 1 . . . . 1 . 2 . . . . 1 . 3 . . . . 1 . 2 2 . 5 2 2 2 5 1 . . Recall Reinforcements 4 | . . . . . . . . . . . . . . 1 . . . . . . . . . 1 . . . . . . . . . . 1 1 . . . . Recall Assault 2 | . . . . . . . . . . . . . . . . . . . . . . . . . . . 1 . . . . . . . . 1 . . . . Hauler Manifests 12 | . . . . . . 1 1 . . . . . . 1 . 1 . . . . . . 1 1 . . . 1 . . 1 . 1 1 . . 1 1 . . Registered Components 9 | . 1 . . . . . . . . . . . . 1 . . . . . . . . 1 1 . . . . . 1 1 . 1 . . . . 1 1 . Registered Prototypes 9 | . . . . . . . . . . . . . . . . . . . . . . . . . . . . 1 . 1 1 . 1 . 1 1 1 1 1 . Zone Layout 58 | . 1 . . . . 1 1 . 2 . . . . 4 . 1 . . . . 2 . 3 1 . . 6 3 . 7 6 . 5 6 7 . 1 1 . . EX-Prototype ID Bank 1 | . . . 1 . . . . . . . . . . . . . . . . . . . . . . . . . . . . . . . . . . . . . Protovariant Controls 2 | . . . . . . . . . . . . . . . . . . . . . . . . . . . . . . . . . . . . 2 . . . . Gate Test 138-A 1 | . . . . . . . . . . . . . . . . . . . . . . . . . . . . . . . . . . . . . . . . 1 Gate Test 138-B 2 | . . . . . . . . . . . . . . . . . . . . . . . . . . . . . . . . . . . . . . . . 2 Gate Test 138-C 1 | . . . . . . . . . . . . . . . . . . . . . . . . . . . . . . . . . . . . . . . . 1 Gate Test 138-END 1 | . . . . . . . . . . . . . . . . . . . . . . . . . . . . . . . . . . . . . . . . 1 Fabricator Hacks 75 | . . . . . . . . . 2 . . . . 7 . 7 . . . . 5 . 3 . . . . . . 12 13 . 8 . 10 3 . 5 . . Network Status 1 | . . . . . . . . . . . . . . . . . . . . . . . . . . . . . . . 1 . . . . . . . . . Load Schematic 35 | . . . . . . . . . 1 . . . . 3 . 3 . . . . 3 . 2 . . . . . . 6 5 . 3 . 5 1 . 3 . . Build 39 | . . . . . . . . . 1 . . . . 4 . 4 . . . . 2 . 1 . . . . . . 6 7 . 5 . 5 2 . 2 . . Repair Station Hacks 100 | . 4 . . . 4 6 . . . . . . . 4 . 5 . . . . 6 . 3 . . . . 7 . 19 4 . 20 4 2 . 10 . 2 . Scan Component 51 | . 2 . . . 2 3 . . . . . . . 2 . 3 . . . . 3 . 1 . . . . 4 . 10 2 . 10 2 1 . 5 . 1 . Repair 48 | . 2 . . . 2 3 . . . . . . . 2 . 2 . . . . 3 . 1 . . . . 3 . 9 2 . 10 2 1 . 5 . 1 . Refit 1 | . . . . . . . . . . . . . . . . . . . . . . . 1 . . . . . . . . . . . . . . . . . Recycling Unit Hacks 34 | . . . . . . 1 3 . 1 . . . . 5 . . . . . . . . 2 . . . . 8 . 4 . . 2 . 3 . . 2 3 . Recycle Component 2 | . . . . . . . . . . . . . . . . . . . . . . . . . . . . 1 . . . . . . . . . . 1 . Process 5 | . . . . . . . . . . . . . . . . . . . . . . . . . . . . 2 . 1 . . . . 1 . . . 1 . Report Inventory 11 | . . . . . . . 3 . 1 . . . . 2 . . . . . . . . 1 . . . . 1 . 2 . . . . 1 . . . . . Retrieve Matter 5 | . . . . . . . . . . . . . . . . . . . . . . . . . . . . 2 . 1 . . . . 1 . . . 1 . Retrieve Components 11 | . . . . . . 1 . . . . . . . 3 . . . . . . . . 1 . . . . 2 . . . . 2 . . . . 2 . . Scanalyzer 54 | . . . . . 4 . 1 . . . . . . 4 . . . . . . . . 3 . . . . 7 . 2 . . 4 11 5 10 3 . . . Insert Component 30 | . . . . . 3 . 1 . . . . . . 1 . . . . . . . . 1 . . . . 4 . 1 . . 3 5 2 6 3 . . . Analyze 24 | . . . . . 1 . . . . . . . . 3 . . . . . . . . 2 . . . . 3 . 1 . . 1 6 3 4 . . . . Garrison Access Hacks 32 | . . . . . . 1 2 . 3 . . . . 3 . 2 . . . . 3 . 2 . . . . 2 . 3 . . 2 1 3 . 1 4 . . Seal Access 32 | . . . . . . 1 2 . 3 . . . . 3 . 2 . . . . 3 . 2 . . . . 2 . 3 . . 2 1 3 . 1 4 . . Unauthorized Hacks 557 | . 6 . . . 12 14 18 . 18 . . . . 33 . 23 . . . . 29 . 39 27 7 . 23 17 . 49 25 . 38 22 37 18 26 54 22 . Terminals 411 | . 4 . . . 10 10 9 . 12 . . . . 18 . 13 . . . . 18 . 22 27 7 . 18 11 . 34 23 . 29 21 25 17 26 38 19 . Track 156 | . 1 . . . 6 6 2 . 3 . . . . 5 . 4 . . . . 6 . 9 8 3 . 11 4 . 12 9 . 12 8 10 6 11 14 6 . Assimilate 39 | . 1 . . . . . 3 . 1 . . . . 4 . 2 . . . . 2 . 3 . . . 1 1 . 6 2 . 2 1 2 1 3 3 1 . Botnet 156 | . 1 . . . 2 3 3 . 7 . . . . 6 . 6 . . . . 8 . 9 11 2 . 4 4 . 14 7 . 11 9 10 6 9 17 7 . Disrupt 36 | . . . . . . . . . . . . . . 2 . . . . . . 1 . . 6 2 . . 1 . 1 3 . 3 2 2 4 2 3 4 . Operators 23 | . 1 . . . 2 1 1 . 1 . . . . 1 . 1 . . . . 1 . 1 2 . . 1 1 . 1 2 . 1 1 1 . 1 1 1 . Sabotage 1 | . . . . . . . . . . . . . . . . . . . . . . . . . . . 1 . . . . . . . . . . . . . Fabricators 61 | . . . . . . . 6 . 2 . . . . 5 . 5 . . . . 8 . 5 . . . . . . 10 2 . 4 . 7 1 . 6 . . Report 10 | . . . . . . . 1 . 1 . . . . 1 . 1 . . . . 1 . 1 . . . . . . 1 . . 1 . 1 . . 1 . . Prioritize 19 | . . . . . . . 2 . 1 . . . . 1 . 2 . . . . 3 . 1 . . . . . . 4 . . 1 . 3 . . 1 . . Siphon 28 | . . . . . . . 2 . . . . . . 3 . 2 . . . . 4 . 2 . . . . . . 4 2 . 2 . 3 1 . 3 . . Haulers 4 | . . . . . . . 1 . . . . . . . . . . . . . . . 1 . . . . . . 1 . . . . . . . 1 . . Repair Stations 3 | . . . . . . . 1 . 1 . . . . . . . . . . . . . 1 . . . . . . . . . . . . . . . . . Mechanics 3 | . . . . . . . 1 . 1 . . . . . . . . . . . . . 1 . . . . . . . . . . . . . . . . . Recycling Units 53 | . 2 . . . 2 4 1 . 1 . . . . 6 . 1 . . . . . . 8 . . . . 5 . 5 . . 4 . 5 . . 6 3 . Monitor 6 | . . . . . . . . . . . . . . 1 . . . . . . . . 2 . . . . 1 . 1 . . 1 . . . . . . . Reject 13 | . . . . . . 2 . . . . . . . 1 . . . . . . . . 2 . . . . 1 . 1 . . 1 . 2 . . 2 1 . Recyclers 15 | . . . . . 1 1 1 . 1 . . . . 1 . 1 . . . . . . 2 . . . . 2 . 1 . . 1 . 1 . . 1 1 . Mask 17 | . . . . . 1 1 . . . . . . . 3 . . . . . . . . 2 . . . . 1 . 2 . . 1 . 2 . . 3 1 . Tunnel 2 | . 2 . . . . . . . . . . . . . . . . . . . . . . . . . . . . . . . . . . . . . . . Scanalyzers 11 | . . . . . . . 1 . 2 . . . . 1 . 1 . . . . 3 . . . . . . 1 . . . . 1 1 . . . . . . Researchers 1 | . . . . . . . . . . . . . . . . . . . . . . . . . . . . . . . . . . 1 . . . . . . Extract 10 | . . . . . . . 1 . 2 . . . . 1 . 1 . . . . 3 . . . . . . 1 . . . . 1 . . . . . . . Garrison Access 18 | . . . . . . . . . . . . . . 3 . 3 . . . . . . 3 . . . 5 . . . . . . . . . . 4 . . Broadcast 5 | . . . . . . . . . . . . . . 1 . 1 . . . . . . 1 . . . 1 . . . . . . . . . . 1 . . Decoy 1 | . . . . . . . . . . . . . . . . . . . . . . . . . . . 1 . . . . . . . . . . . . . Redirect 3 | . . . . . . . . . . . . . . . . 1 . . . . . . 1 . . . . . . . . . . . . . . 1 . . Reprogram 3 | . . . . . . . . . . . . . . 1 . . . . . . . . . . . . 1 . . . . . . . . . . 1 . . Intercept 1 | . . . . . . . . . . . . . . . . . . . . . . . . . . . 1 . . . . . . . . . . . . . Watchers 5 | . . . . . . . . . . . . . . 1 . 1 . . . . . . 1 . . . 1 . . . . . . . . . . 1 . . Data Cores Recovered 3 | . . . . . . . . . . . . . . . . . . . . . 1 . . . . . . . . . . . 1 . . . . 1 . . Used 1 | . . . . . . . . . . . . . . . . . . . . . . . . . . . . . . . . . . . . . . 1 . . Hacking Detections 274 | . 6 . . . 15 11 20 . 17 . . . . 25 . 16 . . . . 14 . 22 6 1 . 13 7 . 12 8 . 15 9 10 9 8 23 7 . Full Trace Events 3 | . . . . . . . 1 . . . . . . 1 . 1 . . . . . . . . . . . . . . . . . . . . . . . . Feedback Events . | . . . . . . . . . . . . . . . . . . . . . . . . . . . . . . . . . . . . . . . . . Feedback Blocked . | . . . . . . . . . . . . . . . . . . . . . . . . . . . . . . . . . . . . . . . . . Robot Schematics Acquired 12 | . . . . . . . . . . . . 5 . . . . . . . . . . . 1 . . . . . . . . . 2 2 . . 2 . . Robots Built 3 | . . . . . . . . . 3 . . . . . . . . . . . . . . . . . . . . . . . . . . . . . . . Matter 186 | . . . . . . . . . 186 . . . . . . . . . . . . . . . . . . . . . . . . . . . . . . . Time 49 | . . . . . . . . . 49 . . . . . . . . . . . . . . . . . . . . . . . . . . . . . . . Total Robot Build Rating 6 | . . . . . . . . . 6 . . . . . . . . . . . . . . . . . . . . . . . . . . . . . . . Part Schematics Acquired 117 | . . . . . 1 . 8 . 20 . . 4 . 6 . 5 . . 3 . 15 . 5 2 . . . 10 . 3 8 . 11 3 6 4 . 3 . . Parts Built 34 | . . . . . . . . . . . . . . 4 . 4 . . . . 2 . 1 . . . . . . 4 6 . 4 . 5 2 . 2 . . Matter 8634 | . . . . . . . . . . . . . . 638 . 816 . . . . 501 . 213 . . . . . . 1077 1679 . 1100 . 1362 624 . 624 . . Time 2530 | . . . . . . . . . . . . . . 263 . 258 . . . . 177 . 76 . . . . . . 381 462 . 232 . 385 148 . 148 . . Total Part Build Rating 231 | . . . . . . . . . . . . . . 22 . 22 . . . . 13 . 5 . . . . . . 29 37 . 30 . 37 18 . 18 . . Parts Repaired 48 | . 2 . . . 2 3 . . . . . . . 2 . 2 . . . . 3 . 1 . . . . 3 . 9 2 . 10 2 1 . 5 . 1 . Time 2097 | . 52 . . . 118 164 . . . . . . . 82 . 124 . . . . 64 . 30 . . . . 178 . 543 89 . 354 89 26 . 158 . 26 . Parts Recycled 2 | . . . . . . . . . . . . . . . . . . . . . . . . . . . . 1 . . . . . . . . . . 1 . Recycled Matter 633 | . . . . . . . . . . . . . . . . . . . . . . . . . . . . 263 . 14 . . . . 106 . . . 250 . Retrieved Matter 633 | . . . . . . . . . . . . . . . . . . . . . . . . . . . . 263 . 14 . . . . 106 . . . 250 . Retrieved Components 39 | . . . . . . 7 . . . . . . . 13 . . . . . . . . . . . . . 2 . . . . 13 . . . . 4 . . Parts Scanalyzed 14 | . . . . . 1 . . . . . . . . 1 . . . . . . . . 1 . . . . 3 . 1 . . 1 2 1 3 . . . . Part Schematics Acquired 13 | . . . . . . . . . . . . . . 1 . . . . . . . . 1 . . . . 3 . 1 . . 1 2 1 3 . . . . Parts Damaged 2 | . . . . . . . . . . . . . . . . . . . . . . . . . . . . 2 . . . . . . . . . . . . Bothacking | -11 -10 -10 -10 -9 -8 -8 -7 -7 -7 -7 -7 -7 -6 -6 -6 -6 -6 -6 -6 -5 -5 -5 -5 -5 -5 -5 -5 -4 -4 -4 -4 -4 -3 -3 -2 -2 -2 -1 -1 -1 ------------ Run | Scr Mat Min Exi Min Mat Sto Fac Was Fac Low Low Dat Pro Fac Was Fac Low Low Zio Pro Fac Was Fac Ext Cet Arc Hub Fac Was Fac Arm Lab Res Qua Res Tes Sec Acc Com Ac0 Used RIF Installer . | . . . . . . . . . . . . . . . . . . . . . . . . . . . . . . . . . . . . . . . . . Robots Hacked 2 | . . . . . . . . . . . . . . 1 . . . . . . . . . . . . . 1 . . . . . . . . . . . . Non-combat 2 | . . . . . . . . . . . . . . 1 . . . . . . . . . . . . . 1 . . . . . . . . . . . . Combat . | . . . . . . . . . . . . . . . . . . . . . . . . . . . . . . . . . . . . . . . . . Robot Hacks Applied 2 | . . . . . . . . . . . . . . 1 . . . . . . . . . . . . . 1 . . . . . . . . . . . . find_chute 2 | . . . . . . . . . . . . . . 1 . . . . . . . . . . . . . 1 . . . . . . . . . . . . Relay Couplers Released 8 | . . . . . . . . . . . . . . . . . . . . . . . . . . . 4 . . 4 . . . . . . . . . . Machine Destruction 1 | . . . . . . . . . . . . . . . . . . . . . . . . . . . 1 . . . . . . . . . . . . . Programmers 7 | . . . . . . . . . . . . . . . . . . . . . . . . . . . 3 . . 4 . . . . . . . . . . Robots Rewired 8 | . . . . . . . . . . . . . . . . . . . . . . . . 3 . . . . . . 4 . . . . 1 . . . . Allies Hacked 5 | . . . . . . . . . 1 . . . . . . . . . . . . . . . . . . . . . . . . 1 . 1 . 2 . . Hacks Repelled . | . . . . . . . . . . . . . . . . . . . . . . . . . . . . . . . . . . . . . . . . . Allies | -11 -10 -10 -10 -9 -8 -8 -7 -7 -7 -7 -7 -7 -6 -6 -6 -6 -6 -6 -6 -5 -5 -5 -5 -5 -5 -5 -5 -4 -4 -4 -4 -4 -3 -3 -2 -2 -2 -1 -1 -1 -------- Run | Scr Mat Min Exi Min Mat Sto Fac Was Fac Low Low Dat Pro Fac Was Fac Low Low Zio Pro Fac Was Fac Ext Cet Arc Hub Fac Was Fac Arm Lab Res Qua Res Tes Sec Acc Com Ac0 Total Allies 129 | . . 5 . . . 10 3 1 4 . . . . 5 19 2 . . . . 2 19 3 16 5 . 6 1 1 5 6 . 2 1 2 2 3 5 1 . Largest Group 20 | . . 5 . . . 10 3 4 3 . . . . 2 18 3 . . . . 1 20 3 12 16 14 10 1 1 3 5 . 1 1 2 2 3 3 1 . Highest-Rated Group 912 | . . 89 . . . 173 78 109 62 . . . . 38 646 46 . . . . 26 706 30 481 912 731 612 10 46 62 258 . 26 10 52 172 93 180 44 . Highest-Rated Ally 156 | . . 31 . . . 29 26 31 26 . . . . 38 50 26 . . . . 26 50 10 156 156 94 94 10 46 26 60 . 26 10 26 146 44 90 44 . Total Orders 113 | . . . . . . 4 9 . 6 . . . . 7 1 . . . 1 1 . 3 11 . 1 . 7 2 . 10 10 . 12 10 2 7 6 . 3 . STAY 66 | . . . . . . 2 5 . 3 . . . . 3 1 . . . . . . 2 6 . 1 . 5 1 . 7 5 . 7 6 2 4 4 . 2 . ROAM 1 | . . . . . . 1 . . . . . . . . . . . . . . . . . . . . . . . . . . . . . . . . . . FOLLOW 44 | . . . . . . 1 4 . 3 . . . . 4 . . . . . . . 1 5 . . . 2 1 . 3 5 . 5 4 . 3 2 . 1 . EXPLORE 1 | . . . . . . . . . . . . . . . . . . . . 1 . . . . . . . . . . . . . . . . . . . . RETURN 1 | . . . . . . . . . . . . . . . . . . . 1 . . . . . . . . . . . . . . . . . . . . . Ally Attacks 543 | . . 14 . . . 23 . 6 2 . . 7 . 1 141 . . . . . . 127 . 61 12 26 92 . . . 23 . . . . 2 . 6 . . Total Damage 14446 | . . 126 . . . 320 . 128 33 . . 382 . 17 3429 . . . . . . 3384 . 1234 282 691 3066 . . . 1003 . . . . 201 . 150 . . Kills 58 | . . 3 . . . 3 . . . . . . . . 4 . . . . . . 5 . 9 2 3 22 . . . 7 . . . . . . . . . Allies Corrupted 4 | . . . . . . . . . . . . . . . . . . . . . . . . . . . 2 . . . . . . . . 1 . . 1 . Allies Melted . | . . . . . . . . . . . . . . . . . . . . . . . . . . . . . . . . . . . . . . . . . Turrets Deployed 1 | . . . . . . . . . . . . 1 . . . . . . . . . . . . . . . . . . . . . . . . . . . . Intel | -11 -10 -10 -10 -9 -8 -8 -7 -7 -7 -7 -7 -7 -6 -6 -6 -6 -6 -6 -6 -5 -5 -5 -5 -5 -5 -5 -5 -4 -4 -4 -4 -4 -3 -3 -2 -2 -2 -1 -1 -1 ------- Run | Scr Mat Min Exi Min Mat Sto Fac Was Fac Low Low Dat Pro Fac Was Fac Low Low Zio Pro Fac Was Fac Ext Cet Arc Hub Fac Was Fac Arm Lab Res Qua Res Tes Sec Acc Com Ac0 Robot Analysis Total 35 | . 3 . . . . 1 . . 1 . . . . 5 . 1 . . . . . . 1 3 . . 1 1 . 2 . . 3 4 1 2 . 5 1 . Derelict Logs Recovered 12 | . . 1 . 1 . . . . . 1 1 . 1 . . . 1 1 2 3 . . . . . . . . . . . . . . . . . . . . Drone Launches 6 | . . . . . . . . . . . . . . . . . . . 1 3 . . . . . . . . . . . . . . 2 . . . . . Drone Recoveries 1 | . . . . . . . . . . . . . . . . . . . 1 . . . . . . . . . . . . . . . . . . . . . Exploration | -11 -10 -10 -10 -9 -8 -8 -7 -7 -7 -7 -7 -7 -6 -6 -6 -6 -6 -6 -6 -5 -5 -5 -5 -5 -5 -5 -5 -4 -4 -4 -4 -4 -3 -3 -2 -2 -2 -1 -1 -1 ------------- Run | Scr Mat Min Exi Min Mat Sto Fac Was Fac Low Low Dat Pro Fac Was Fac Low Low Zio Pro Fac Was Fac Ext Cet Arc Hub Fac Was Fac Arm Lab Res Qua Res Tes Sec Acc Com Ac0 Turns Passed 53079 | 31 1192 763 6117 962 4529 2687 1505 75 1951 249 313 78 285 1761 300 1215 129 150 1177 159 1444 307 2147 489 247 170 1213 1151 26 3277 888 178 2648 1058 2196 1314 1927 2083 3478 1210 Spaces Moved 75175 | 18 719 470 3453 538 1731 968 2783 136 3319 527 776 124 565 3227 485 2337 326 490 1387 430 2502 425 3892 687 330 203 1877 2418 90 5018 1007 366 3746 1936 3895 2902 3450 5777 6389 3456 Core 18 | . . . . . . 5 . . . . . . . . . . . . 10 . . . . . . . . . . . . . . . . . . . 3 . Treads 4095 | 4 58 . 1690 . 1424 917 . . . . . . . . . . . . . . . . . . 1 . . . . . . . . . . . . . 1 . Legs 10 | 10 . . . . . . . . . . . . . . . . . . . . . . . . . . . . . . . . . . . . . . . . Wheels 3743 | 4 661 470 1763 538 307 . . . . . . . . . . . . . . . . . . . . . . . . . . . . . . . . . . . Hover . | . . . . . . . . . . . . . . . . . . . . . . . . . . . . . . . . . . . . . . . . . Flight 67309 | . . . . . . 46 2783 136 3319 527 776 124 565 3227 485 2337 326 490 1377 430 2502 425 3892 687 329 203 1877 2418 90 5018 1007 366 3746 1936 3895 2902 3450 5777 6385 3456 Fastest Speed 7 | 100 90 120 100 150 160 102 29 29 29 29 32 29 29 29 29 23 23 29 29 29 23 29 29 29 23 29 23 29 29 20 20 29 24 30 13 14 18 15 7 7 Average Speed 40 | 124 117 125 142 158 213 217 29 29 29 31 32 30 31 29 31 31 28 29 64 29 28 29 29 29 30 29 28 30 29 28 29 29 29 30 24 19 18 15 15 15 Slowest Speed 802 | 160 200 130 180 160 260 802 169 29 29 32 32 32 102 32 32 32 29 29 150 105 29 105 105 105 160 29 29 32 29 97 94 29 30 34 26 76 18 15 200 73 Overloaded Moves 218 | . . . . . . . . . . . . . . . . 10 10 . . . 26 . . . 2 . 11 . . 44 36 . 5 . 8 5 . . 10 51 Propulsion Burnouts . | . . . . . . . . . . . . . . . . . . . . . . . . . . . . . . . . . . . . . . . . . Robots Hopped 382 | . . . . . . . 15 . 30 . . . 2 10 . 17 1 4 . 10 10 . 25 10 . . 11 39 . 68 6 . 28 1 21 20 16 18 13 7 Cave-ins Triggered . | . . . . . . . . . . . . . . . . . . . . . . . . . . . . . . . . . . . . . . . . . Teleports 4 | . . . . . . . . . . . . . . . . . . . . . . . . . . . . . . . . . . . . . . . 1 3 Exploration Rate (%) 76 | 2 96 83 92 91 91 96 64 72 81 60 81 76 79 68 95 47 56 64 87 71 59 88 72 61 72 93 93 46 82 73 68 97 68 97 66 92 82 84 92 95 Regions Visited 40 Branch Regions 23 Pre-discovered Areas 10 | . 2 . 1 1 . . . . . . . 1 1 . . . . 1 2 1 . . . . . . . . . . . . . . . . . . . . Known Exits Taken 27 | . 1 . . . 1 1 . . 1 1 1 1 1 . . 1 1 1 1 1 . . 1 1 1 1 1 . . 1 1 1 1 1 1 1 1 1 . . Unknown Exits Taken 5 | 1 . 1 1 1 . . . . . . . . . . . . . . . . . . . . . . . . . . . . . . . . . . 1 . Scrap Searched 23 | . . 1 . 1 . . . . . 4 2 . 3 . . . 3 2 4 3 . . . . . . . . . . . . . . . . . . . . Spaces Dug 635 | . . . . 8 7 . 27 . 52 9 3 4 2 74 . 41 3 . . . 23 . 62 7 . . 30 26 . 61 8 . 64 18 45 12 3 13 8 25 Terrain Destroyed 1331 | . . . 4 46 24 . 32 2 54 9 3 4 2 74 1 41 3 . . . 23 . 62 15 . 1 371 27 . 71 36 . 94 20 48 13 39 13 140 59 Melee 560 | . . . . . 1 . 9 . 51 9 3 4 2 65 . 41 3 . . . 23 . 62 6 . . 28 26 . 53 8 . 64 17 45 10 1 13 7 9 Projectile 81 | . . . 1 . 6 . . 2 3 . . . . . 1 . . . . . . . . 9 . 1 8 1 . 18 3 . 4 3 3 3 5 . 6 4 AOE 690 | . . . 3 46 17 . 23 . . . . . . 9 . . . . . . . . . . . . 335 . . . 25 . 26 . . . 33 . 127 46 Terrain Rammed . | . . . . . . . . . . . . . . . . . . . . . . . . . . . . . . . . . . . . . . . . . Walls Destroyed . | . . . . . . . . . . . . . . . . . . . . . . . . . . . . . . . . . . . . . . . . . Machines Disabled . | . . . . . . . . . . . . . . . . . . . . . . . . . . . . . . . . . . . . . . . . . Actions | -11 -10 -10 -10 -9 -8 -8 -7 -7 -7 -7 -7 -7 -6 -6 -6 -6 -6 -6 -6 -5 -5 -5 -5 -5 -5 -5 -5 -4 -4 -4 -4 -4 -3 -3 -2 -2 -2 -1 -1 -1 --------- Run | Scr Mat Min Exi Min Mat Sto Fac Was Fac Low Low Dat Pro Fac Was Fac Low Low Zio Pro Fac Was Fac Ext Cet Arc Hub Fac Was Fac Arm Lab Res Qua Res Tes Sec Acc Com Ac0 Total 94251 | 24 935 641 4381 594 2371 1440 3442 159 4166 588 832 149 656 3824 608 2702 349 492 1665 451 3096 584 4695 876 463 306 2411 2698 89 6534 1552 435 5026 2344 4987 3567 4610 6811 8738 3960 Wait 14817 | . 86 152 520 2 313 305 595 10 762 48 51 11 77 462 92 312 18 5 271 22 457 137 647 98 95 91 422 195 . 1284 451 38 1092 304 946 542 1018 876 1874 136 Move 74402 | 17 718 469 3452 537 1730 967 2753 135 3259 526 775 123 561 3208 484 2302 323 481 1386 412 2482 424 3846 670 329 202 1857 2343 89 4884 995 365 3690 1933 3853 2862 3417 5740 6361 3442 Hop 351 | . . . . . . . 15 . 29 . . . 1 9 . 17 1 4 . 7 10 . 20 6 . . 8 36 . 65 5 . 27 1 20 19 16 18 11 6 Pick Up 376 | 1 22 8 51 3 38 9 12 1 7 . . 3 . 5 . 8 . . 1 1 11 . 3 . 1 . 1 17 . 36 14 6 12 11 11 19 11 8 35 10 Fast Attach 292 | . 4 . 30 . 22 5 7 . 2 . . . 1 11 4 1 . . 2 1 6 1 6 7 9 1 7 6 . 30 6 6 12 4 7 18 20 . 28 28 Attach 171 | 2 5 . 5 1 12 7 5 . . . . . 1 6 1 1 . 1 . 2 3 1 4 7 2 1 8 6 . 14 3 3 4 1 6 3 4 2 36 14 Detach 125 | . . . 8 . 7 4 2 . 3 . . . 1 7 2 . . . . 1 1 1 4 7 3 1 8 3 . 9 2 5 5 1 1 3 1 . 25 10 Swap 433 | . 9 2 3 6 25 22 3 1 4 5 3 2 3 6 . 5 3 1 3 4 17 2 22 15 6 4 10 9 . 26 18 1 20 2 8 18 29 22 41 53 Drop 562 | 2 11 7 58 6 48 30 23 1 11 . . 3 1 13 4 4 . . 2 1 14 1 11 7 10 1 8 20 . 44 19 8 14 13 16 33 14 7 63 34 Fire 1309 | 2 80 3 249 38 173 91 18 11 14 . . . 8 3 19 . . . . . 3 13 15 23 3 5 41 11 . 34 15 . 34 9 61 14 23 80 78 138 Melee 1198 | . . . . . 3 . 9 . 67 9 3 7 2 94 2 52 4 . . . 56 4 81 31 5 . 41 52 . 108 18 3 116 39 55 31 57 55 105 89 Ram 1 | . . . . 1 . . . . . . . . . . . . . . . . . . . . . . . . . . . . . . . . . . . . Kick . | . . . . . . . . . . . . . . . . . . . . . . . . . . . . . . . . . . . . . . . . . Crush . | . . . . . . . . . . . . . . . . . . . . . . . . . . . . . . . . . . . . . . . . . Escape Stasis 193 | . . . . . . . . . 8 . . . . . . . . . . . 36 . 36 . . . . . . . . . . 26 3 . . 3 81 . Rewire 16 | . . . . . . . . . . . . . . . . . . . . . . . . 5 . . . . . . 6 . . . . 5 . . . . Trap 5 | . . . 5 . . . . . . . . . . . . . . . . . . . . . . . . . . . . . . . . . . . . . Miscellaneous . | . . . . . . . . . . . . . . . . . . . . . . . . . . . . . . . . . . . . . . . . . Route ------- -11/Scrapyard -10/Materials (discovered 5 exits: [*Mat x3] / *Min x2) -10/Mines (discovered 2 exits: [*Mat] / *Exi) -10/Exiles (discovered 2 exits: *Min x2) -9/Mines (discovered 2 exits: *Mat x2) -8/Materials (discovered 5 exits: *Fac x3 / *Sto x2) -8/Storage (discovered 2 exits: *Fac / [*Rec]) -7/Factory (discovered 3 exits: *Fac x2 / *Low) -7/Waste -7/Factory (discovered 4 exits: *Fac x2 / *Low x2) -7/Lower Caves -7/Lower Caves (discovered 2 exits: *Fac / *Dat) -7/Data Miner -6/Proximity Caves -6/Factory (discovered 5 exits: *Fac x4 / *Low) -6/Waste -6/Factory (discovered 4 exits: *Fac x2 / *Low x2) -6/Lower Caves -6/Lower Caves (discovered 2 exits: *Fac / *Zio) -6/Zion -5/Proximity Caves -5/Factory (discovered 7 exits: *Fac x3 / *Upp x2 / *Ext x2) -5/Waste -5/Factory (discovered 7 exits: *Fac x3 / *Upp x2 / *Ext x2) -5/Extension (discovered 2 exits: *Fac / *Cet) -5/Cetus -5/Archives (discovered 3 exits: *Fac / *Hub x2) -5/Hub_04(d) (discovered 4 exits: *Fac x4) -4/Factory (discovered 5 exits: *Res x2 / *Upp x2 / Arm) -4/Waste -4/Factory (discovered 6 exits: *Res x3 / *Upp x2 / *Arm) -4/Armory (discovered 3 exits: Res x2 / *Lab) -4/Lab -3/Research (discovered 5 exits: *Res x3 / *Qua x2) -3/Quarantine -2/Research (discovered 4 exits: *Acc x2 / *Tes x2) -2/Testing (discovered 2 exits: *Acc / *Sec) -2/Section 7 -1/Access (discovered 2 exits: Sur / *Com) -1/Command (discovered 3 exits: *Sur x2 / *Ac0) -1/Access_0 Near Former Tau Ceti IV History --------- Turn | Location | Event 7 | -11/Scrapyard | Discovered new exit (range 3) 32 | -11/Scrapyard | Entered Materials 178 | -10/Materials | Discovered new exit (range 15) 267 | -10/Materials | Discovered new exit (range 14) 307 | -10/Materials | Build established: Mutant 648 | -10/Materials | Discovered new exit (range 3) 781 | -10/Materials | Central database locked down 787 | -10/Materials | Discovered new exit (range 15) 858 | -10/Materials | Lost 3 parts (1p1n1w) 905 | -10/Materials | Repaired Beam Cannon 933 | -10/Materials | Repaired Lgt. Treads 1033 | -10/Materials | Discovered new exit (range 5) 1085 | -10/Materials | Core integrity fell below 50% 1092 | -10/Materials | Identified exit to Mines 1224 | -10/Materials | Entered Mines 1251 | -10/Mines | Learned Materials interactive machine intel 1314 | -10/Mines | Deemed a non-threat by the Exiles lab entrance 1314 | -10/Mines | Discovered new exit (range 5) 1379 | -10/Mines | Met a Derelict who couldn't figure out how to use a Trap Extractor 1669 | -10/Mines | Discovered new exit (range 7) 1708 | -10/Mines | Found a hidden stash of uninstalled traps 1786 | -10/Mines | Assisted by bots powering up and referring to "LRC-V3" 1842 | -10/Mines | Assembled infested the area 1987 | -10/Mines | Entered Exiles 2023 | -10/Exiles | Met 8R-AWN 2042 | -10/Exiles | Met EX-HEX 2091 | -10/Exiles | Met EX-BIN 2272 | -10/Exiles | Met EX-DEC 2288 | -10/Exiles | Learned location of Zion (-6) 2341 | -10/Exiles | Visited The Gauntlet 2633 | -10/Exiles | Aligned with FarCom system 2635 | -10/Exiles | Given EX-Vault access code 2666 | -10/Exiles | Opened EX-Vault 2676 | -10/Exiles | Found Cloak of Protection 2706 | -10/Exiles | Warned to stay clear of 0b10 Research branches 2876 | -10/Exiles | Discovered new exit (range 14) 3021 | -10/Exiles | Discovered new exit (range 15) 3845 | -10/Exiles | Found YOLO Cannon 3990 | -10/Exiles | Attacked by the Exiles 4014 | -10/Exiles | Found Prototype Ballistic Gun 4014 | -10/Exiles | Identified 8R-AWN's Boregun 6078 | -10/Exiles | Destroyed 8R-AWN 6107 | -10/Exiles | Found Prototype Device 6107 | -10/Exiles | Identified AS-neutralizer No. 17b 6124 | -10/Exiles | Found Prototype Processor 6308 | -10/Exiles | Destroyed EX-BIN 7189 | -10/Exiles | Destroyed EX-DEC 7230 | -10/Exiles | Found Prototype Device 7230 | -10/Exiles | Identified System Purifier 7280 | -10/Exiles | Destroyed EX-HEX 7925 | -10/Exiles | Found Deploy-a-Sentry 8091 | -10/Exiles | Build established: Hauler-Mutant 8104 | -10/Exiles | Left Exiles lab with Deploy-a-Sentry 8104 | -10/Exiles | Entered Mines 8140 | -9/Mines | Met a Derelict bent on vengeance 8233 | -9/Mines | Discovered new exit (range 5) 8354 | -9/Mines | Discovered new exit (range 10) 8466 | -9/Mines | Core integrity fell below 20% 8564 | -9/Mines | Found the Drone Emporium 8573 | -9/Mines | Found Prototype Device 8597 | -9/Mines | Learned location of Storage (-8) 8707 | -9/Mines | Excavation squad dispatched 8707 | -9/Mines | A large section of the Mines collapsed 9066 | -9/Mines | Entered Materials 9066 | -8/Materials | Evolved 4 slots: Utility x4 9067 | -8/Materials | Identified exit to Factory 9068 | -8/Materials | Loaded intel: 19 interactive machine locations 9253 | -8/Materials | Discovered new exit (range 12) 9669 | -8/Materials | Discovered exit to Factory (range 16) 10964 | -8/Materials | Discovered new exit (range 10) 11157 | -8/Materials | Identified exit to Storage 11170 | -8/Materials | Discovered exit to Factory (range 13) 11234 | -8/Materials | Identified Bomb Drone Bay 11234 | -8/Materials | Identified Exp. Targeting Computer 12225 | -8/Materials | Central database locked down 13145 | -8/Materials | Repaired Hrd. Medium Armor Plating 13226 | -8/Materials | Repaired Cold Fusion Reactor 13595 | -8/Materials | Entered Storage 13688 | -8/Storage | Repaired Particle Cannon 14825 | -8/Storage | Discovered exit to Factory (range 16) 14907 | -8/Storage | Core integrity fell below 50% 15271 | -8/Storage | Repaired Gravity Neutralizing Apparatus? 15370 | -8/Storage | Repaired Adv. Weapon Cycler? 15559 | -8/Storage | Used back door to open Recycling access 15559 | -8/Storage | Discovered new exit (range 4) 15721 | -8/Storage | Assisted by bots powering up and referring to "LRC-V3" 16011 | -8/Storage | Build established: Commander-Mutant 16282 | -8/Storage | Entered Factory 16282 | -7/Factory | Evolved 2 slots: Propulsion x1, Utility x1 16643 | -7/Factory | Discovered new exit (range 8) 16645 | -7/Factory | Identified exit to Lower Caves 16965 | -7/Factory | Central database locked down 17018 | -7/Factory | Discovered new exit (range 12) 17357 | -7/Factory | Discovered new exit (range 4) 17358 | -7/Factory | Identified exit to Factory 17787 | -7/Factory | Sucked down chute 17787 | -7/Factory | Entered Waste 17788 | -7/Waste | Met a frightened Derelict 17794 | -7/Waste | Spotted C-40 Crusher 17805 | -7/Waste | Spotted C-40 Crusher 17812 | -7/Waste | Spotted C-40 Crusher 17815 | -7/Waste | Spotted C-40 Crusher 17816 | -7/Waste | Spotted C-40 Crusher 17817 | -7/Waste | Spotted C-40 Crusher 17819 | -7/Waste | Discovered new exit (range 14) 17820 | -7/Waste | 3 allies followed down the chute 17828 | -7/Waste | Identified exit to Factory 17862 | -7/Waste | Entered Factory 17862 | -7/Factory | Accompanied by 2 allies 18061 | -7/Factory | Discovered exit to Factory (range 15) 18465 | -7/Factory | Discovered exit to Factory (range 6) 19772 | -7/Factory | Fabricated L-31 Rogue? 19813 | -7/Factory | Entered Lower Caves 19892 | -7/Lower Caves | Learned Factory terminal intel 19954 | -7/Lower Caves | Encountered a Warlord checkpoint 20009 | -7/Lower Caves | Discovered new exit (range 7) 20058 | -7/Lower Caves | Identified exit to Lower Caves 20062 | -7/Lower Caves | Entered another Lower Caves area 20069 | -7/Lower Caves | Discovered exit to Factory (range 4) 20187 | -7/Lower Caves | Learned 8 Research zone layouts 20187 | -7/Lower Caves | Learned Research terminal intel 20210 | -7/Lower Caves | Learned location of 1 exit from Factory 20347 | -7/Lower Caves | Discovered new exit (range 15) 20351 | -7/Lower Caves | Identified exit to Data Miner 20366 | -7/Lower Caves | Spotted B-75 Beast 20375 | -7/Lower Caves | Entered Data Miner 20375 | -7/Data Miner | Discovered new exit (range 6) 20377 | -7/Data Miner | Identified exit to Proximity Caves 20394 | -7/Data Miner | Met Data Miner 20403 | -7/Data Miner | Learned location of Section 7 (-2) 20403 | -7/Data Miner | Acquired the access code to Warlord's prototype stash 20405 | -7/Data Miner | Received God Mode back door access code from Data Miner 20431 | -7/Data Miner | Destroyed Data Miner 20434 | -7/Data Miner | Found Prototype Hackware 20438 | -7/Data Miner | DAS Turret deployed 20441 | -7/Data Miner | Data Conduit disabled 20453 | -7/Data Miner | Entered Proximity Caves 20471 | -6/Proximity Caves | Spotted B-75 Beast 20671 | -6/Proximity Caves | Spotted AJ-67F(f) 20672 | -6/Proximity Caves | Encountered a Master Thief 20705 | -6/Proximity Caves | Attracted the attention of an 0b10 checkpoint 20736 | -6/Proximity Caves | Discovered exit to Factory (range 5) 20738 | -6/Proximity Caves | Entered Factory 20738 | -6/Factory | Evolved 2 slots: Utility x2 20738 | -6/Factory | Identified System Mapper 20739 | -6/Factory | Identified exit to Factory 20740 | -6/Factory | Loaded intel: 20 terminal locations 20922 | -6/Factory | Build established: Hacker-Sprinter 21095 | -6/Factory | Discovered new exit (range 6) 21096 | -6/Factory | Identified exit to Lower Caves 21181 | -6/Factory | Repaired Greatsword 21356 | -6/Factory | Discovered exit to Factory (range 12) 21479 | -6/Factory | Discovered exit to Factory (range 16) 21890 | -6/Factory | Fabricated Mic. Fission Core (x2) 21996 | -6/Factory | Repaired Imp. Light Armor Plating 22158 | -6/Factory | Fabricated Exp. Sensor Array? 22195 | -6/Factory | Fabricated Cld. Cesium-ion Thruster (x1) 22231 | -6/Factory | Local fabrication network quarantined 22243 | -6/Factory | Discovered exit to Factory (range 9) 22461 | -6/Factory | Central database locked down 22499 | -6/Factory | Manually triggered Chute Trap 22499 | -6/Factory | Sucked down chute 22499 | -6/Factory | Entered Waste 22509 | -6/Waste | Spotted C-40 Crusher 22511 | -6/Waste | Spotted C-40 Crusher 22512 | -6/Waste | Spotted C-40 Crusher 22516 | -6/Waste | Warlord forces began an assault 22526 | -6/Waste | Allies destroyed C-40 Crusher 22531 | -6/Waste | Allies destroyed C-40 Crusher 22532 | -6/Waste | Spotted C-40 Crusher 22537 | -6/Waste | Allies destroyed C-40 Crusher 22540 | -6/Waste | 4 allies followed down the chute 22548 | -6/Waste | Spotted C-40 Crusher 22553 | -6/Waste | Destroyed C-40 Crusher 22565 | -6/Waste | Allies destroyed C-40 Crusher 22569 | -6/Waste | Destroyed C-40 Crusher 22572 | -6/Waste | Discovered new exit (range 16) 22662 | -6/Waste | Identified exit to Factory 22799 | -6/Waste | Entered Factory 22799 | -6/Factory | Accompanied by 1 ally 23169 | -6/Factory | Spotted B-75 Beast 23263 | -6/Factory | Repaired Gravity Neutralizing Apparatus? 23360 | -6/Factory | Repaired Greatsword 23483 | -6/Factory | Fabricated Exp. Signal Interpreter? 23681 | -6/Factory | Fabricated Adv. Hacking Suite (x1) 23736 | -6/Factory | Fabricated Adv. Hacking Suite? 23804 | -6/Factory | Discovered exit to Factory (range 13) 23875 | -6/Factory | Discovered exit to Factory (range 9) 23905 | -6/Factory | Fabricated Lgt. Regenerative Plating? 23967 | -6/Factory | Local fabrication network quarantined 24014 | -6/Factory | Entered Lower Caves 24051 | -6/Lower Caves | Encountered a Warlord checkpoint 24081 | -6/Lower Caves | Learned Factory emergency access door positions 24113 | -6/Lower Caves | Spotted JE-3RX(f) 24118 | -6/Lower Caves | Spotted 6M-9A1(f) 24119 | -6/Lower Caves | Encountered a Master Thief 24119 | -6/Lower Caves | Encountered a Master Thief 24135 | -6/Lower Caves | Attracted the attention of an 0b10 checkpoint 24140 | -6/Lower Caves | Discovered new exit (range 9) 24142 | -6/Lower Caves | Identified exit to Lower Caves 24143 | -6/Lower Caves | Entered another Lower Caves area 24155 | -6/Lower Caves | Discovered exit to Factory (range 14) 24156 | -6/Lower Caves | Encountered a Warlord checkpoint 24206 | -6/Lower Caves | Discovered new exit (range 6) 24208 | -6/Lower Caves | Identified exit to Zion 24293 | -6/Lower Caves | Entered Zion 24378 | -6/Zion | Given the Hacking Drone Bay 24378 | -6/Zion | Found Prototype Device 24378 | -6/Zion | Identified Hacking Drone Bay 24413 | -6/Zion | Acquired unknown access codes intercepted by a Zionite 24626 | -6/Zion | Learned Factory garrison access intel 24690 | -6/Zion | Build established: Hacker-Mutant 24703 | -6/Zion | Received a visual enhancement algorithm 24840 | -6/Zion | Learned Factory emergency access door positions 25057 | -6/Zion | Opened final containment barrier to the Deep Caves 25215 | -6/Zion | Discovered new exit (range 15) 25305 | -6/Zion | Identified exit to Proximity Caves 25375 | -6/Zion | Found Rocket Array 25470 | -6/Zion | Entered Proximity Caves 25482 | -5/Proximity Caves | Learned 12 Factory zone layouts 25548 | -5/Proximity Caves | Spotted B-75 Beast 25576 | -5/Proximity Caves | Learned location of 1 exit from Factory 25598 | -5/Proximity Caves | Learned location of Warlord (-5) 25612 | -5/Proximity Caves | Discovered exit to Factory (range 21) 25629 | -5/Proximity Caves | Entered Factory 25629 | -5/Factory | Evolved 2 slots: Utility x2 25630 | -5/Factory | Identified exit to Upper Caves 25631 | -5/Factory | Identified exit to Factory 25631 | -5/Factory | Identified exit to Extension 25633 | -5/Factory | Loaded intel: 4 garrison access locations 25834 | -5/Factory | Discovered exit to Factory (range 11) 25944 | -5/Factory | Discovered exit to Upper Caves (range 4) 26159 | -5/Factory | Discovered exit to Factory (range 9) 26228 | -5/Factory | Build established: Hacker-Sprinter 26348 | -5/Factory | Repaired Greatsword 26432 | -5/Factory | Discovered exit to Extension (range 6) 26475 | -5/Factory | Repaired Cld. Cesium-ion Thruster 26492 | -5/Factory | Repaired Fusion Compressor 26727 | -5/Factory | Fabricated Plasma Sword? 26729 | -5/Factory | Fabricated Inertial Stasis Machine? 26729 | -5/Factory | Local fabrication network quarantined 26778 | -5/Factory | Build established: Wizard-Sprinter 27073 | -5/Factory | Sucked down chute 27073 | -5/Factory | Entered Waste 27080 | -5/Waste | 5 allies followed down the chute 27092 | -5/Waste | Spotted C-40 Crusher 27094 | -5/Waste | Spotted C-40 Crusher 27094 | -5/Waste | Spotted C-40 Crusher 27099 | -5/Waste | Warlord forces began an assault 27103 | -5/Waste | Allies destroyed C-40 Crusher 27115 | -5/Waste | Destroyed C-40 Crusher 27118 | -5/Waste | Spotted C-40 Crusher 27118 | -5/Waste | Allies destroyed C-40 Crusher 27119 | -5/Waste | Destroyed C-40 Crusher 27126 | -5/Waste | Allies destroyed C-40 Crusher 27132 | -5/Waste | Discovered new exit (range 12) 27139 | -5/Waste | Spotted C-40 Crusher 27153 | -5/Waste | Allies destroyed C-40 Crusher 27179 | -5/Waste | Identified exit to Factory 27380 | -5/Waste | Entered Factory 27380 | -5/Factory | Accompanied by 1 ally 27562 | -5/Factory | Discovered exit to Factory (range 5) 27691 | -5/Factory | Discovered exit to Factory (range 15) 28099 | -5/Factory | Repaired Imp. VTOL Module 28710 | -5/Factory | Discovered exit to Factory (range 13) 29002 | -5/Factory | Central database locked down 29379 | -5/Factory | Spotted B-75 Beast 29470 | -5/Factory | Local fabrication network quarantined 29504 | -5/Factory | Fabricated Exp. Utility Shielding (x1) 29527 | -5/Factory | Entered Extension 29540 | -5/Extension | Rescued a captive Derelict 29544 | -5/Extension | Rescued a captive Derelict 29544 | -5/Extension | Rescued a captive Derelict 29575 | -5/Extension | Rescued a captive Derelict 29575 | -5/Extension | Rescued a captive Derelict 29577 | -5/Extension | Central database locked down 29699 | -5/Extension | Rescued a captive Derelict 29702 | -5/Extension | Rescued a captive Derelict 29811 | -5/Extension | Rescued A7 29856 | -5/Extension | Rescued a captive Derelict 29861 | -5/Extension | Rescued a captive Derelict 29899 | -5/Extension | Rescued a captive Derelict 29924 | -5/Extension | Rescued a captive Derelict 29928 | -5/Extension | Rescued a captive Derelict 29966 | -5/Extension | Discovered exit to Factory (range 10) 29966 | -5/Extension | Discovered new exit (range 6) 29969 | -5/Extension | Identified exit to Cetus 30016 | -5/Extension | Entered Cetus 30016 | -5/Cetus | Accompanied by 11 allies (A7) 30021 | -5/Cetus | Acquired a Cetus Manufacturing Module code from A7 30025 | -5/Cetus | Spotted Cetus Guard 30025 | -5/Cetus | Spotted Cetus Guard 30027 | -5/Cetus | Spotted Cetus Guard 30028 | -5/Cetus | Spotted Cetus Guard 30030 | -5/Cetus | Destroyed Cetus Guard 30033 | -5/Cetus | Destroyed Cetus Guard 30037 | -5/Cetus | Allies destroyed Cetus Guard 30042 | -5/Cetus | Destroyed Cetus Guard 30076 | -5/Cetus | Started Cetus Manufacturing Module 30081 | -5/Cetus | Escorted A7 to Cetus Mainframe 30089 | -5/Cetus | Central database locked down 30101 | -5/Cetus | Manufactured an Enhanced Grunt 30126 | -5/Cetus | Manufactured an Enhanced Grunt 30130 | -5/Cetus | Discovered new exit (range 16) 30134 | -5/Cetus | Identified exit to Archives 30151 | -5/Cetus | Manufactured an Enhanced Grunt 30176 | -5/Cetus | Manufactured an Enhanced Grunt 30201 | -5/Cetus | Manufactured an Enhanced Grunt 30239 | -5/Cetus | Destroyed A7 30242 | -5/Cetus | Extracted ID and sensor layout for unrecognized location from A7's data core 30263 | -5/Cetus | Entered Archives 30263 | -5/Archives | Accompanied by 14 allies 30303 | -5/Archives | Discovered new exit (range 15) 30307 | -5/Archives | Identified exit to Hub_04(d) 30314 | -5/Archives | Discovered exit to Hub_04(d) (range 14) 30350 | -5/Archives | Discovered exit to Factory (range 16) 30433 | -5/Archives | Entered Hub_04(d) 30433 | -5/Hub_04(d) | Accompanied by 10 allies 30435 | -5/Hub_04(d) | Discovered exit to Factory (range 10) 31324 | -5/Hub_04(d) | Network Hub disabled 31460 | -5/Hub_04(d) | Network Hub disabled 31464 | -5/Hub_04(d) | Network Hub disabled 31628 | -5/Hub_04(d) | Network Hub disabled 31646 | -5/Hub_04(d) | Entered Factory 31646 | -4/Factory | Evolved 2 slots: Utility x2 31647 | -4/Factory | Identified exit to Armory 31661 | -4/Factory | Found Quantum Capacitor 31881 | -4/Factory | Build established: Wizard-Mutant 31919 | -4/Factory | Repaired Com. Particle Reactor 31946 | -4/Factory | Repaired Fusion Compressor 31977 | -4/Factory | Discovered new exit (range 15) 32047 | -4/Factory | Discovered new exit (range 7) 32049 | -4/Factory | Identified exit to Upper Caves 32206 | -4/Factory | Discovered exit to Upper Caves (range 13) 32223 | -4/Factory | Build established: Wizard-Sprinter 32477 | -4/Factory | Identified exit to Research 32630 | -4/Factory | Discovered exit to Research (range 11) 32675 | -4/Factory | Central database locked down 32768 | -4/Factory | Repaired Cld. Field Propulsion Drive? 32797 | -4/Factory | Sucked down chute 32797 | -4/Factory | Entered Waste 32798 | -4/Waste | Met a frightened Derelict 32809 | -4/Waste | Spotted C-40 Crusher 32812 | -4/Waste | EMP discharged 32812 | -4/Waste | Spotted C-40 Crusher 32812 | -4/Waste | Spotted C-40 Crusher 32815 | -4/Waste | Spotted C-40 Crusher 32819 | -4/Waste | Spotted C-40 Crusher 32820 | -4/Waste | Spotted C-40 Crusher 32820 | -4/Waste | Discovered new exit (range 10) 32823 | -4/Waste | Identified exit to Factory 32823 | -4/Waste | Entered Factory 32950 | -4/Factory | Spotted B-86 Titan 33135 | -4/Factory | Repaired Exp. Utility Shielding? 33304 | -4/Factory | Discovered exit to Upper Caves (range 6) 33486 | -4/Factory | Repaired Greatsword 33763 | -4/Factory | Discovered exit to Research (range 15) 34013 | -4/Factory | Discovered exit to Research (range 8) 34666 | -4/Factory | Repaired Exp. Utility Shielding 34710 | -4/Factory | Repaired Greatsword 34811 | -4/Factory | Repaired Cld. Field Propulsion Drive? 34946 | -4/Factory | Fabricated Mni. Fusion Reactor? 35001 | -4/Factory | Fabricated Plasma Lance? 35001 | -4/Factory | Discovered exit to Research (range 11) 35061 | -4/Factory | Fabricated Exp. Power Amplifier? 35415 | -4/Factory | Fabricated Plasma Lance? 35434 | -4/Factory | Local fabrication network quarantined 35771 | -4/Factory | Repaired Cld. Field Propulsion Drive 35821 | -4/Factory | Repaired Cld. Field Propulsion Drive 35967 | -4/Factory | Repaired Cld. Field Propulsion Drive 36016 | -4/Factory | Repaired Cld. Field Propulsion Drive 36100 | -4/Factory | Entered Armory 36224 | -4/Armory | Fabricated Inertial Stasis Machine (x1) 36256 | -4/Armory | Fabricated Mni. Fusion Reactor (x1) 36281 | -4/Armory | Fabricated Lrg. Storage Unit (x1) 36292 | -4/Armory | Fabricated Quantum Shading Machine (x1) 36302 | -4/Armory | Local fabrication network quarantined 36360 | -4/Armory | Fabricated Quantum Shading Machine? 36365 | -4/Armory | Fabricated Mni. Smartbomb Launcher (x1) 36580 | -4/Armory | Build established: Wizard-Ninja 36600 | -4/Armory | Repaired Plasma Lance 36642 | -4/Armory | Repaired Exp. Utility Shielding? 36858 | -4/Armory | Central database locked down 36933 | -4/Armory | Spotted B-86 Titan 36973 | -4/Armory | Discovered new exit (range 14) 36988 | -4/Armory | Identified exit to Lab 36988 | -4/Armory | Entered Lab 36988 | -4/Lab | Discovered exit to Research (range 9) 36992 | -4/Lab | Hidden lab's door opened automatically 36992 | -4/Lab | Sensor layout match revealed 36993 | -4/Lab | Gained access to the hidden lab's interior 36999 | -4/Lab | Found Prototype Special Weapon 36999 | -4/Lab | Identified Gui. Remote Datajack 37006 | -4/Lab | Unable to decrypt terminal 37012 | -4/Lab | Found Prototype Energy Gun 37012 | -4/Lab | Identified Tachyon Dispersion Ray 37014 | -4/Lab | Found Prototype Energy Cannon 37014 | -4/Lab | Identified Warp Cannon 37021 | -4/Lab | Found Prototype Hackware 37021 | -4/Lab | Identified Quantum Router 37034 | -4/Lab | Found Alien Artifact 37086 | -4/Lab | Found Alien Artifact 37086 | -4/Lab | Identified Core Regenerator 37086 | -4/Lab | Used Core Regenerator, restored core integrity (+273) 37112 | -4/Lab | Found Alien Artifact 37112 | -4/Lab | Identified Integrated Reactor 37112 | -4/Lab | Installed Integrated Reactor, increased core energy generation (+10) 37116 | -4/Lab | Found Alien Artifact 37124 | -4/Lab | Found Prototype Protection 37166 | -4/Lab | Entered Research 37166 | -3/Research | Evolved 2 slots: Propulsion x1, Utility x1 37168 | -3/Research | Loaded intel: 20 terminal locations 37211 | -3/Research | Identified Hvy. Regenerative Plating 37419 | -3/Research | Repaired Mni. Smartbomb Launcher 37445 | -3/Research | Repaired Exp. Utility Shielding? 37515 | -3/Research | Identified exit to Quarantine 37549 | -3/Research | Fabricated Exp. Sensor Array (x1) 37610 | -3/Research | Repaired Mni. Fusion Reactor 37644 | -3/Research | Repaired Cld. Field Propulsion Drive 37927 | -3/Research | Discovered new exit (range 10) 38086 | -3/Research | Identified Transdimensional Reconstructor 38086 | -3/Research | Identified Core Reset Matrix 38272 | -3/Research | Discovered new exit (range 17) 38291 | -3/Research | Found Prototype Device 38291 | -3/Research | Identified Exp. Shield Generator 38662 | -3/Research | Repaired Impulse Thruster Array 38695 | -3/Research | Repaired Mni. Fusion Reactor 38740 | -3/Research | Repaired Exp. Utility Shielding 38779 | -3/Research | Discovered new exit (range 13) 38789 | -3/Research | Identified exit to Research 38817 | -3/Research | Repaired Cld. Field Propulsion Drive? 38969 | -3/Research | Repaired Cld. Field Propulsion Drive 39024 | -3/Research | Repaired Exp. Power Amplifier? 39184 | -3/Research | Fabricated Mni. Fusion Reactor (x1) 39384 | -3/Research | Fabricated Cld. Q-thruster (x1) 39439 | -3/Research | Fabricated Cld. Q-thruster (x1) 39558 | -3/Research | Local fabrication network quarantined 39814 | -3/Research | Entered Quarantine 39814 | -3/Quarantine | Accompanied by 1 ally 39903 | -3/Quarantine | Found Unknown Protection 39906 | -3/Quarantine | Identified Adv. Powered Armor 39960 | -3/Quarantine | Cryocooling Duct disabled 39975 | -3/Quarantine | Ambient heat levels rising (+20) 39975 | -3/Quarantine | Non-combat units ordered to evacuate 40140 | -3/Quarantine | Found Alien Artifact 40154 | -3/Quarantine | Found Alien Artifact 40183 | -3/Quarantine | Identified Dimensional Node Initializer 40183 | -3/Quarantine | Initialized slip node 40214 | -3/Quarantine | Found Alien Artifact 40585 | -3/Quarantine | Repaired Exp. Utility Shielding 40605 | -3/Quarantine | Identified Hpw. Transdimensional Reconstructor 40605 | -3/Quarantine | Identified Subatomic Replicator 40619 | -3/Quarantine | Found Alien Artifact 40629 | -3/Quarantine | Identified Terrabomb 40779 | -3/Quarantine | Repaired Cld. Field Propulsion Drive 40787 | -3/Quarantine | Found Alien Artifact 40835 | -3/Quarantine | Found Hpw. Transdimensional Reconstructor 40872 | -3/Quarantine | Entered Research 40872 | -2/Research | Evolved 2 slots: Power x1, Propulsion x1 40933 | -2/Research | Found Adv. Force Booster 40935 | -2/Research | Found Adv. Force Booster 40947 | -2/Research | Spotted B-90 Cyclops 41075 | -2/Research | Discovered new exit (range 12) 41150 | -2/Research | Identified exit to Testing 41795 | -2/Research | Discovered new exit (range 19) 41850 | -2/Research | Fabricated Exp. Propulsion Shielding (x1) 42033 | -2/Research | Identified exit to Access 42096 | -2/Research | Identified Matter Drive 42136 | -2/Research | Fabricated Cld. Q-thruster? 42371 | -2/Research | Discovered exit to Access (range 10) 42542 | -2/Research | Central database locked down 42811 | -2/Research | Repaired Exp. Utility Shielding 42921 | -2/Research | Fabricated Cld. Q-thruster? 43023 | -2/Research | Fabricated Exp. Armor Integrity Analyzer (x1) 43048 | -2/Research | Fabricated Exp. Terrain Scan Processor (x1) 43068 | -2/Research | Entered Testing 43105 | -2/Testing | Spotted PG-MZ5O7VU4F8 43111 | -2/Testing | Rewired PG-MZ5O7VU4F8 43117 | -2/Testing | Discovered exit to Access (range 4) 43324 | -2/Testing | Protovariant out of control (PY-E264JVXXT9) 43324 | -2/Testing | Unleashed a protovariant (PY-E264JVXXT9) 43374 | -2/Testing | Found Prototype Energy Cannon 43374 | -2/Testing | Identified Null Cannon 43470 | -2/Testing | Found Prototype Energy Gun 43566 | -2/Testing | Found Prototype Ballistic Cannon 43650 | -2/Testing | Identified Hyp. EM Gauss Rifle 43680 | -2/Testing | Found Prototype Device 43685 | -2/Testing | Identified Thermal Barrier 43685 | -2/Testing | Identified Perforator 43740 | -2/Testing | Found Prototype Energy Cannon 43740 | -2/Testing | Identified Hpw. Disruptor Cannon 43960 | -2/Testing | Build established: Wizard-Scout 43984 | -2/Testing | Fabricated Cld. Q-thruster? 44038 | -2/Testing | Found Prototype Device 44038 | -2/Testing | Identified AEGIS Remote Shield 44065 | -2/Testing | Local fabrication network quarantined 44091 | -2/Testing | Found Prototype Energy Cannon 44126 | -2/Testing | Fabricated Cld. Q-thruster? 44142 | -2/Testing | Found Exp. Weapon Cycler 44165 | -2/Testing | Identified Potential Cannon 44273 | -2/Testing | Spotted Fortress 44286 | -2/Testing | Discovered new exit (range 5) 44286 | -2/Testing | Identified exit to Section 7 44382 | -2/Testing | Entered Section 7 44455 | -2/Section 7 | Build established: Machinist-Scout 44580 | -2/Section 7 | Found Alien Artifact 44590 | -2/Section 7 | Identified Integrated Dissipator 44590 | -2/Section 7 | Installed Integrated Dissipator, increased core heat dissipation (+20) 44651 | -2/Section 7 | Discovered exit to Access (range 19) 44759 | -2/Section 7 | Found Alien Artifact 44780 | -2/Section 7 | Identified Integrity Redistributor 44806 | -2/Section 7 | Found Integrated Dissipator 44806 | -2/Section 7 | Installed Integrated Dissipator, increased core heat dissipation (+20) 44830 | -2/Section 7 | Repaired Plasma Lance 45145 | -2/Section 7 | Found Integrated Dissipator 45145 | -2/Section 7 | Installed Integrated Dissipator, increased core heat dissipation (+20) 45169 | -2/Section 7 | Found Exp. Hacking Suite 45347 | -2/Section 7 | Found Matter Drive 45401 | -2/Section 7 | Found Alien Energy Gun 45401 | -2/Section 7 | Identified Sigix Quantum Sheargun 45511 | -2/Section 7 | Found Integrated Dissipator 45511 | -2/Section 7 | Installed Integrated Dissipator, increased core heat dissipation (+20) 45512 | -2/Section 7 | Found Integrated Dissipator 45512 | -2/Section 7 | Installed Integrated Dissipator, increased core heat dissipation (+20) 45514 | -2/Section 7 | Found Integrated Dissipator 45514 | -2/Section 7 | Installed Integrated Dissipator, increased core heat dissipation (+20) 45536 | -2/Section 7 | Found Alien Artifact 45536 | -2/Section 7 | Identified LRC Energy Well 45536 | -2/Section 7 | Installed LRC Energy Well, increased energy storage capacity (+250) 45539 | -2/Section 7 | Found Alien Artifact 45539 | -2/Section 7 | Identified LRC Storage 45539 | -2/Section 7 | Installed LRC Storage, increased inventory capacity (+2) 45571 | -2/Section 7 | Found Sigix Quantum Sheargun 45657 | -2/Section 7 | Build established: Wizard-Scout 45707 | -2/Section 7 | Repaired Mni. Fusion Reactor? 45771 | -2/Section 7 | Spotted S7 Guard 45883 | -2/Section 7 | Found Alien Artifact 45905 | -2/Section 7 | Identified Integrated Singularity Reactor 45909 | -2/Section 7 | Used Subatomic Replicator to replicate Integrated Singularity Reactor 45911 | -2/Section 7 | Installed Integrated Singularity Reactor, increased core energy generation (+20) 45913 | -2/Section 7 | Installed Integrated Singularity Reactor, increased core energy generation (+20) 45924 | -2/Section 7 | Found Quantum Capacitor 45973 | -2/Section 7 | Build established: Wizard-Sprinter 46024 | -2/Section 7 | Repaired Mni. Fusion Reactor 46058 | -2/Section 7 | Repaired Mni. Fusion Reactor 46110 | -2/Section 7 | Repaired Exp. Utility Shielding 46309 | -2/Section 7 | Entered Access 46309 | -1/Access | Accompanied by 1 ally 46309 | -1/Access | Evolved 2 slots: Propulsion x1, Utility x1 46421 | -1/Access | Spotted B-99 Colossus 46561 | -1/Access | Identified exit to Command 46627 | -1/Access | Build established: Wizard-Scout 47161 | -1/Access | Discovered new exit (range 14) 47372 | -1/Access | Fabricated Femtoactuators? 48004 | -1/Access | Local fabrication network quarantined 48046 | -1/Access | Fabricated Dimensional Manipulator (x1) 48102 | -1/Access | Found Antimissile System 48392 | -1/Access | Entered Command 48421 | -1/Command | Phase Generator disabled 48814 | -1/Command | Spotted Combat Programmer 48818 | -1/Command | Destroyed Combat Programmer 48936 | -1/Command | Build established: Machinist-Sprinter 48943 | -1/Command | Spotted M Guard 48973 | -1/Command | Spotted B-99 Colossus 49039 | -1/Command | Destroyed M Guard 49043 | -1/Command | Spotted M Guard 49147 | -1/Command | Destroyed M Guard 49158 | -1/Command | Found Hvy. Regenerative Plating 49232 | -1/Command | Repaired Exp. Utility Shielding 49245 | -1/Command | Spotted Combat Programmer 49257 | -1/Command | Destroyed Combat Programmer 49257 | -1/Command | All MAIN.C guards destroyed 49274 | -1/Command | Met MAIN.C 49278 | -1/Command | 0b10 Conduit disabled 49286 | -1/Command | Destroyed MAIN.C Shell 49288 | -1/Command | MAIN.C activated Command garrisons 49313 | -1/Command | Destroyed MAIN.C 49320 | -1/Command | Found Zero-point Reactor 49321 | -1/Command | Found Prototype Processor 50018 | -1/Command | Found Prototype Ballistic Gun 50018 | -1/Command | Identified Hyp. Multirail 50082 | -1/Command | Discovered new exit (range 10) 50083 | -1/Command | Identified exit to Surface 50154 | -1/Command | Found Prototype Device 50154 | -1/Command | Identified Exp. Transmission Jammer 50156 | -1/Command | Found Exp. Melee Analysis Suite 51201 | -1/Command | Spotted B-99 Colossus 51394 | -1/Command | Discovered exit to Surface (range 8) 51468 | -1/Command | Identified Exp. Target Analyzer 51664 | -1/Command | Found Zero-point Reactor 51767 | -1/Command | Found Zero-point Reactor 51770 | -1/Command | Found Prototype Energy Cannon 51770 | -1/Command | Identified Cld. Nova Cannon 51865 | -1/Command | Warped through subspace to slip node 51865 | -1/Command | Discovered new exit (range 4) 51870 | -1/Command | Entered Access_0 51873 | -1/Access_0 | Met Architect 51876 | -1/Access_0 | Architect warped through subspace 51881 | -1/Access_0 | Destroyed A8 51918 | -1/Access_0 | Subspace Access Node disabled 51923 | -1/Access_0 | A6 warped into view 51923 | -1/Access_0 | Subspace Access Node disabled 51947 | -1/Access_0 | Subspace Access Node disabled 51954 | -1/Access_0 | A5 warped into view 51963 | -1/Access_0 | Destroyed A5 52024 | -1/Access_0 | A4 warped into view 52025 | -1/Access_0 | Subspace Access Node disabled 52209 | -1/Access_0 | Destroyed A6 52254 | -1/Access_0 | Destroyed 20 combat bots 52268 | -1/Access_0 | Destroyed A4 52366 | -1/Access_0 | Found Sigix Corpse 52415 | -1/Access_0 | Found Prototype Protection 52415 | -1/Access_0 | Identified Exp. Powered Armor 52423 | -1/Access_0 | Found Exp. Powered Armor 52450 | -1/Access_0 | Found Hpw. Transdimensional Reconstructor 52481 | -1/Access_0 | Found Prototype Device 52481 | -1/Access_0 | Identified Desublimator 52492 | -1/Access_0 | Found Exp. Phase Shifter 52518 | -1/Access_0 | Found Alien Slashing Weapon 52518 | -1/Access_0 | Identified Sigix Broadsword 52573 | -1/Access_0 | A3 warped into view 52598 | -1/Access_0 | Destroyed A3 52628 | -1/Access_0 | Destroyed A2 52631 | -1/Access_0 | Extracted Singularity Gate Test 138-C access codes from A2's data core 52632 | -1/Access_0 | Found Prototype Hackware 52632 | -1/Access_0 | Identified Deep Network Scanner 52642 | -1/Access_0 | Found Core Regenerator 52642 | -1/Access_0 | Used Core Regenerator, restored core integrity (+223) 52822 | -1/Access_0 | Used Integrity Redistributor, redistributed integrity from core (-99) 52832 | -1/Access_0 | Found Integrity Redistributor 52832 | -1/Access_0 | Used Integrity Redistributor, redistributed integrity from core (-13) 52855 | -1/Access_0 | Started Test 138-B, establishing a local singularity 52904 | -1/Access_0 | Found Exp. Weapon Cycler 53072 | -1/Access_0 | Destroyed Architect 53073 | -1/Access_0 | Architect triggered a singularity event 53075 | -1/Access_0 | Found Hpw. Transdimensional Reconstructor 53075 | -1/Access_0 | Warped through subspace to slip node 53075 | -1/Access_0 | Discovered exit to Surface (range 8) 53076 | -1/Access_0 | Warped through subspace to slip node 53077 | -1/Access_0 | Warped through subspace to slip node 53080 | *** | Escaped singularity! Last Messages --------------- 53064_ Destroyed Prototype Hackware. 53068_ System corrupted: Plasma Lance targeting data glitched. 53068_ Plasma Lance follow-up attack on Architect. 53072_ Architect: "If I can't win, no one wins!" 53072_ Architect destroyed. 53073_ A0_COM: Initiating irreversible singularity event. Goodbye. 53074_ A0_COM: 10. 53074_ Dropped Cld. Q-thruster. 53075_ A0_COM: 9. 53075_ Acquired Hpw. Transdimensional Reconstructor. 53075_ Warped through subspace, drawn to slip node. 53075_ EXIT=FOUND: SURFACE 53076_ A0_COM: 8. 53076_ Warped through subspace, drawn to slip node. 53077_ A0_COM: 7. 53077_ Warped through subspace, drawn to slip node. 53078_ A0_COM: 6. 53079_ A0_COM: 5. 53080_ A0_COM: 4. [Achievement: Planet Killer] Map ----- +----------------------------------------------------+ | | | | | | | | | | | | | | | | | | | | | | | | | | | | | | | | | ?????????????????????????????????????????????????? | | ?????????????????????????????????????????????????? | | ?????????????????????????????????????????????????? | | ?????????????????????????????????????????????????? | | ?????????????????????????????????????????????????? | | ?????????????????????????????????????????????????? | | ????????????????????????###??????????????????????? | | ???????????????????????## ##?????????????????????? | | ???????????????????????# #?????????????????????? | | ???????????????????????# @ #?????????????????????? | | ??????????????????????## #?????????????????????? | | ??????????????????????# #?????????????????????? | | ??????????????????????# ##?????????????????????? | | ??????????????????????## #?????????????????????? | | ??????????????????????# #?????????????????????? | | ??????????????????????# ##?????????????????????? | | ??????????????????????# < #?????????????????????? | | ??????????????????????# ##?????????????????????? | | ??????????????????????## #??????????????????????? | | ???????????????????????####??????????????????????? | | ?????????????????????????????????????????????????? | | ?????????????????????????????????????????????????? | | ??????????????????????#?#?#?#??#???#?#???????????? | | ?????????????????###?#?#######?####??????????????? | | ????????????????####?##?#######?#?####???????????? | | ????????##?????????###?#############?#???#???????? | | ??????#????#??####?##?###?#?#?#??##?#######??????? | | ?????#?????##??##############?##?##?#?###?#??????? | | #???????##?#?#?#####?###?###?#??##########?###???? | | ?????#?????####?#####?#########?####?######?#????? | | #?#??##??#?##??###??###########?######?######????? | | ##??????#?#############?###?#?#?#########?#??###?? | | ?????##??#?#############?#??#####?########?#???##? | | ###?#??#?###########?###?#?###?##?####?####?##??#? | +----------------------------------------------------+ Best States ------------- Heat Dissipation 172 Energy Generation 133 Energy Capacity 1520 Matter Stores 300 Matter Capacity 300 Sight Range 16 Robot Scan Range 30 Terrain Scan Range 24 Terrain Scan Density 1010 ECM Strength 3 Jamming Range 16 Cloak Strength 5 Power Amplification 40 Additional Mass Support 28 Armor Coverage 800 Propulsion Shielding 90 Utility Shielding 90 Point Defense Rating 240 Weapon Cycling 30 Melee Speed Boost 50 Phase Shifting 20 Evasion (%) 101 Targeting Accuracy 8 Melee Accuracy 12 Target Analysis 12 Armor Integrity Analysis 90 Recoil Reduction 2 Force Boost 5 Offensive Hacking 50 Defensive Hacking 25 Item Schematics ----------------- Lrg. Storage Unit | -8/Materials | Hacked Lrn. Sensor Array | -7/Factory | Hacked Adv. ECM Suite | -7/Factory | Hacked Hrd. Medium Armor Plating | -7/Factory | Extracted Hvy. Ion Cannon | -7/Factory | Extracted Greatsword | -7/Factory | Extracted Adv. Weight Redist. System | -7/Factory | Extracted Power Maul | -7/Factory | Extracted Imp. Targeting Computer | -7/Factory | Extracted Exp. Terrain Scan Processor | -7/Factory | Hacked Airjet | -7/Factory | Extracted EM Pulse Cannon | -7/Factory | Extracted Proton Missile Launcher | -7/Factory | Extracted Maneuvering Thrusters | -7/Factory | Extracted Adv. Sensor Array | -7/Factory | Extracted Arm. Huge Wheel | -7/Factory | Extracted Lightning Gun | -7/Factory | Extracted Rocket Launcher | -7/Factory | Extracted Imp. Hover Unit | -7/Factory | Extracted Com. Matter Pod | -7/Factory | Extracted Gauss Rifle | -7/Factory | Extracted Adv. Terrain Scan Processor | -7/Factory | Extracted Particle Charger | -7/Factory | Extracted Microactuators | -7/Factory | Extracted Cld. Airjet | -7/Factory | Extracted Energy Filter | -7/Factory | Extracted Gauss Cannon | -7/Factory | Extracted Adv. EMP Blaster | -7/Factory | Extracted Hvy. EM Pulse Gun | -7/Factory | Extracted Combat Drone Bay | -7/Data Miner | Free Lgt. Regenerative Plating | -7/Data Miner | Free Cloaking Device | -7/Data Miner | Free Plasma Sword | -7/Data Miner | Free Imp. Signal Interpreter | -6/Factory | Extracted Mic. Fission Core | -6/Factory | Hacked Exp. Sensor Array | -6/Factory | Hacked Cld. Cesium-ion Thruster | -6/Factory | Scanalyzed Exp. Signal Interpreter | -6/Factory | Hacked Adv. Hacking Suite | -6/Factory | Hacked Enh. Gauss Cannon | -6/Factory | Hacked Gravmag Array | -6/Factory | Extracted Imp. Hacking Suite | -6/Factory | Extracted Adv. Targeting Computer | -6/Factory | Extracted Imp. Titanium Leg | -6/Factory | Extracted Riot Gun | -6/Zion | Free Hvy. Riot Gun | -6/Zion | Free Battle Rifle | -6/Zion | Free Imp. Coolant Injector | -5/Factory | Extracted Cmb. Airjet | -5/Factory | Extracted Centrium Wheel | -5/Factory | Hacked Inertial Stasis Machine | -5/Factory | Hacked Imp. Thermal Shield | -5/Factory | Extracted Power Amplifier | -5/Factory | Extracted Component Analysis Suite | -5/Factory | Extracted Imp. Particle Charger | -5/Factory | Extracted Gravity Neutralizing Apparatus | -5/Factory | Extracted Com. Wheel | -5/Factory | Extracted Flail | -5/Factory | Extracted Imp. Focal Shield | -5/Factory | Extracted Hvy. Phase Cannon | -5/Factory | Extracted Hammer | -5/Factory | Extracted Variable Charge Gun | -5/Factory | Extracted System Purifier | -5/Factory | Scanalyzed Impulse Thruster Array | -5/Factory | Hacked Mni. Smartbomb Launcher | -5/Factory | Hacked Exp. Utility Shielding | -5/Factory | Hacked Exp. Propulsion Shielding | -5/Factory | Hacked Lgt. Particle Reactor | -5/Extension | Hacked Adv. Component Analysis Suite | -5/Extension | Hacked Quantum Capacitor | -4/Factory | Scanalyzed Imp. Heavy Siege Treads | -4/Factory | Hacked Adv. Variable Charge Gun | -4/Factory | Scanalyzed Imp. Plasma Cutter | -4/Factory | Scanalyzed Energy Well | -4/Factory | Extracted Exp. Power Amplifier | -4/Factory | Hacked Quantum Shading Machine | -4/Factory | Hacked Force Lance | -4/Factory | Hacked Com. HERF Cannon | -4/Factory | Hacked Mni. Fusion Reactor | -4/Factory | Hacked Nanoactuators | -4/Factory | Scanalyzed Biometal Heavy Treads | -4/Factory | Hacked Plasma Lance | -4/Factory | Hacked Stasis Beam | -4/Armory | Hacked Hvy. Disruptor Cannon | -4/Armory | Hacked Centrium Leg | -4/Armory | Hacked Adv. Force Field | -4/Armory | Hacked Imp. Remote Force Field | -4/Armory | Hacked Exp. Melee Analysis Suite | -4/Armory | Hacked Antimissile System | -4/Armory | Hacked Lgt. Antimatter Reactor | -4/Armory | Hacked Cmb. Linear Gravjet | -3/Research | Hacked Femtoactuators | -3/Research | Hacked Imp. Fusion Compressor | -3/Research | Scanalyzed Exp. Armor Integrity Analyzer | -3/Research | Hacked Zero-point Reactor | -3/Research | Hacked Cld. Q-thruster | -3/Research | Hacked Exp. Actuator Array | -3/Research | Hacked Centrium Greatsword | -3/Research | Extracted Lyr. Heavy Armor Plating | -3/Research | Extracted Imp. Transmission Jammer | -3/Research | Extracted Imp. Arc Projector | -3/Research | Extracted Adv. Powered Armor | -3/Quarantine | Scanalyzed Imp. Matter Neutralizer | -3/Quarantine | Hacked Cld. Impulse Thruster | -3/Quarantine | Scanalyzed Beam Splitter | -2/Research | Hacked Adv. Reaction Control System | -2/Research | Hacked Enh. Nova Cannon | -2/Research | Hacked Hyp. Railgun | -2/Research | Scanalyzed Exp. Weapon Shielding | -2/Research | Hacked Exp. Weapon Cycler | -2/Research | Hacked Coolant Network | -2/Testing | Scanalyzed Imp. Quantum Reactor | -2/Testing | Hacked Imp. KE Penetrator | -2/Testing | Scanalyzed Adv. Transmission Jammer | -2/Testing | Scanalyzed EM Disruption Field | -1/Access | Hacked Adv. Force Booster | -1/Access | Hacked Dimensional Manipulator | -1/Access | Hacked Robot Schematics ------------------ S-27 Virus | -7/Data Miner | Free G-50 Soldier | -7/Data Miner | Free G-67 Veteran | -7/Data Miner | Free H-66 Slayer | -7/Data Miner | Free I-36 Angel | -7/Data Miner | Free B-60 Warrior | -5/Extension | Hacked Y-72 Warden | -3/Quarantine | Hacked C-55 Analyst | -3/Quarantine | Hacked C-65 Expert | -2/Research | Hacked H-77 Assassin | -2/Research | Hacked E-15 Imp | -1/Access | Hacked D-83 Annihilator | -1/Access | Hacked Fabricated ------------ L-31 Rogue | x3 | -7/Factory | Preloaded Mic. Fission Core | x2 | -6/Factory Exp. Sensor Array | x1 | -6/Factory Cld. Cesium-ion Thruster | x1 | -6/Factory Exp. Signal Interpreter | x1 | -6/Factory Adv. Hacking Suite | x1 | -6/Factory Adv. Hacking Suite | x1 | -6/Factory Lgt. Regenerative Plating | x1 | -6/Factory Plasma Sword | x1 | -5/Factory Inertial Stasis Machine | x1 | -5/Factory Exp. Utility Shielding | x1 | -5/Factory Mni. Fusion Reactor | x1 | -4/Factory Plasma Lance | x1 | -4/Factory Exp. Power Amplifier | x1 | -4/Factory Plasma Lance | x1 | -4/Factory Inertial Stasis Machine | x1 | -4/Armory Mni. Fusion Reactor | x1 | -4/Armory Lrg. Storage Unit | x1 | -4/Armory Quantum Shading Machine | x1 | -4/Armory Quantum Shading Machine | x1 | -4/Armory Mni. Smartbomb Launcher | x1 | -4/Armory Exp. Sensor Array | x1 | -3/Research Mni. Fusion Reactor | x1 | -3/Research Cld. Q-thruster | x1 | -3/Research Cld. Q-thruster | x1 | -3/Research Exp. Propulsion Shielding | x1 | -2/Research Cld. Q-thruster | x1 | -2/Research Cld. Q-thruster | x1 | -2/Research Exp. Armor Integrity Analyzer | x1 | -2/Research Exp. Terrain Scan Processor | x1 | -2/Research Cld. Q-thruster | x1 | -2/Testing Cld. Q-thruster | x1 | -2/Testing Femtoactuators | x1 | -1/Access Dimensional Manipulator | x1 | -1/Access Alien Tech Used ----------------- Core Regenerator Integrated Reactor Dimensional Node Initializer Matter Drive Integrated Dissipator Sigix Quantum Sheargun LRC Energy Well LRC Storage Subatomic Replicator Integrated Singularity Reactor High-powered Transdimensional Reconstructor Sigix Broadsword Integrity Redistributor Achievements -------------- 404 Planet Killer What Is This Thing? Challenges ------------ None Game ------ Seed ImpactProtonMinigun Manual? 0 Play Time 18:52:23 Cumulative 257.3 hours Start 2020.09.21 @ 19:14:08 End 2020.09.26 @ 20:50:34 Sessions 13 Manual Loads 0 Difficulty Rogue Special Mode None Game No. 111 Rogue 110 Adventurer 1 Explorer 0 Win Type 6 Total 12 Types 7/1/2/1/0/0/1/0/0 Lore% 85 Gallery% 88 Achievement% 73 Wizard Run 0 Options --------- ASCII 1 Keyboard 1 Movement Numpad Keybinds 0 Fullscreen 2 Font 24/Smallcaps Map View 76x50 Tactical HUD 1 Map Filters NONE Filters NONE Steam 1 RUN: f13d70e2-38e8-4847-a653-ad1b62b9a04f